Workbook

Sheet GROUP
K2: RPvsTP
B3: RPvsTP
B4: Weekly CashFlow Forecast | K4: Weekly CashFlow Forecast
C5: NOUR | D5: SND | E5: NBI | F5: TIP | G5: Total | L5: NOUR | M5: SND | N5: NBI | O5: TIP | P5: Total | U5: Credit Funds | V5: Ending Balance
B6: 01.Overdues.Incomes Operating Activities | C6: 2555.1878 | D6: 1145885.5 | G6: 1148440.6 | K6: 0 | L6: -464514.83 | M6: 1107965 | N6: -1590.2141 | O6: -917.43119 | P6: 640942.49
B7: 02.Overdues.Payments Operating Activities | C7: 372189.16 | D7: 37920.489 | E7: 1590.2141 | F7: 917.43119 | G7: 412617.29 | K7: Week 1
B8: 03.Overdues.Net Cash Flow Operating Activities | C8: -369633.97 | D8: 1107965 | E8: -1590.2141 | F8: -917.43119 | G8: 735823.35 | K8: 01.Incomes Operating Activities | L8: 8882.8594 | M8: 363305.27 | N8: 6119.0999 | P8: 378307.23
B9: 04.Overdues.Incomes Investing Activities | K9: 02.Payments Operating Activities | L9: -288207.43 | M9: -32988.438 | N9: -1548.652 | O9: -900.21957 | P9: -323644.74
B10: 05.Overdues.Payments Investing Activities (CAPEX) | K10: Materials | L10: -157141.89 | P10: -157141.89
B11: 06.Overdues.Net Cash Flow Investing Activities | K11: Other | L11: -8816.6667 | P11: -8816.6667
B12: 07.Overdues.Incomes Financing Activities (Loans, Factoring) | K12: Salaries and Social Securities | L12: -57349.112 | M12: -12923.683 | N12: -1548.652 | O12: -900.21957 | P12: -72721.667 | V12: =S12+T12+U12 -> 0
B13: 08.Overdues.Payments Financing Activities | C13: 94880.862 | G13: 94880.862 | K13: Services | L13: -3008.8144 | M13: -1053.7226 | P13: -4062.537
B14: 09.Overdues.Net Cash Flow Financing Activities | C14: -94880.862 | G14: -94880.862 | K14: Transport | L14: -5489.7869 | M14: -19011.032 | P14: -24500.819
B15: 10.Overdues.Available Funds | K15: Utilities
B16: 11.Overdues.Credit Funds | K16: Electricity | L16: -34088.201 | P16: -34088.201
B17: 12.Overdues Net Cash Flow | C17: -464514.83 | D17: 1107965 | E17: -1590.2141 | F17: -917.43119 | G17: 640942.49 | K17: Gas | L17: -22312.96 | P17: -22312.96
B18: 01.Week1.Incomes Operating Activities | C18: 8882.8594 | D18: 363305.27 | E18: 6119.0999 | G18: 378307.23 | K18: 07.Incomes Financing Activities (Loans, Factoring) | O18: 15427.549 | P18: 15427.549
B19: 02.Week1.Payments Operating Activities | C19: 288207.43 | D19: 32988.438 | E19: 1548.652 | F19: 900.21957 | G19: 323644.74 | K19: 08.Payments Financing Activities | L19: -15266.055 | P19: -15266.055 | V19: =S19+T19+U19 -> 0
B20: 03.Week1.Net Cash Flow Operating Activities | C20: -279324.57 | D20: 330316.83 | E20: 4570.4479 | F20: -900.21957 | G20: 54662.485 | K20: Total Week 1 | L20: -294590.63 | M20: 330316.83 | N20: 4570.4479 | O20: 14527.329 | P20: 54823.979
B21: 04.Week1.Incomes Investing Activities | K21: Week 2
B22: 05.Week1.Payments Investing Activities (CAPEX) | K22: 01.Incomes Operating Activities | M22: 7414.4185 | P22: 7414.4185
B23: 06.Week1.Net Cash Flow Investing Activities | K23: 02.Payments Operating Activities | L23: -196977.73 | M23: -13215.55 | P23: -210193.28
B24: 07.Week1.Incomes Financing Activities (Loans, Factoring) | F24: 15427.549 | G24: 15427.549 | K24: Materials | L24: -159894.52 | P24: -159894.52
B25: 08.Week1.Payments Financing Activities | C25: 15266.055 | G25: 15266.055 | K25: Other | L25: -3501.6838 | P25: -3501.6838
B26: 09.Week1.Net Cash Flow Financing Activities | C26: -15266.055 | F26: 15427.549 | G26: 161.49388 | K26: Services | L26: -28003.211 | M26: -13215.55 | P26: -41218.761 | V26: =S26+T26 -> 0
B27: 10.Week1.Available Funds | K27: Utilities
B28: 11.Week1.Credit Funds | K28: water | L28: -5578.318 | P28: -5578.318
B29: 12.Week1.Net Cash Flow | C29: -294590.63 | D29: 330316.83 | E29: 4570.4479 | F29: 14527.329 | G29: 54823.979 | K29: Total Week 2 | L29: -196977.73 | M29: -5801.1319 | P29: -202778.86
B30: 01.Week2.Incomes Operating Activities | D30: 7414.4185 | G30: 7414.4185 | K30: Week 3
B31: 02.Week2.Payments Operating Activities | C31: 196977.73 | D31: 13215.55 | G31: 210193.28 | K31: 01.Incomes Operating Activities | M31: 23799.111 | P31: 23799.111
B32: 03.Week2.Net Cash Flow Operating Activities | C32: -196977.73 | D32: -5801.1319 | G32: -202778.86 | K32: 02.Payments Operating Activities | L32: -90461.499 | P32: -90461.499 | V32: =S32+T32+U32 -> 0
B33: 04.Week2.Incomes Investing Activities | K33: Materials | L33: -87756.417 | P33: -87756.417
B34: 05.Week2.Payments Investing Activities (CAPEX) | K34: Other | L34: -2527.1043 | P34: -2527.1043
B35: 06.Week2.Net Cash Flow Investing Activities | K35: Services | L35: -177.97859 | P35: -177.97859
B36: 07.Week2.Incomes Financing Activities (Loans, Factoring) | K36: Total Week 3 | L36: -90461.499 | M36: 23799.111 | P36: -66662.388
B37: 08.Week2.Payments Financing Activities | K37: Week 4
B38: 09.Week2.Net Cash Flow Financing Activities | K38: 01.Incomes Operating Activities | L38: 2664.5203 | M38: 48782.964 | P38: 51447.485 | V38: =S38+T38+U38 -> 0
B39: 10.Week2.Available Funds | K39: 02.Payments Operating Activities | L39: -198762.04 | P39: -198762.04
B40: 11.Week2.Credit Funds | K40: Materials | L40: -135872.92 | P40: -135872.92
B41: 12.Week2.Net Cash Flow | C41: -491568.36 | D41: 324515.7 | E41: 4570.4479 | F41: 14527.329 | G41: -147954.88 | K41: Other | L41: -3256.0884 | P41: -3256.0884
B42: 01.Week3.Incomes Operating Activities | D42: 23799.111 | G42: 23799.111 | K42: Utilities
B43: 02.Week3.Payments Operating Activities | C43: 90461.499 | G43: 90461.499 | K43: Electricity | L43: -36697.248 | P43: -36697.248
B44: 03.Week3.Net Cash Flow Operating Activities | C44: -90461.499 | D44: 23799.111 | G44: -66662.388 | K44: Gas | L44: -22935.78 | P44: -22935.78 | V44: =S44+T44+U44 -> 0
B45: 04.Week3.Incomes Investing Activities | K45: 05.Payments Investing Activities (CAPEX) | L45: -4087.156 | M45: -10827.936 | P45: -14915.092
B46: 05.Week3.Payments Investing Activities (CAPEX) | K46: Total Week 4 | L46: -200184.67 | M46: 37955.029 | P46: -162229.64
B47: 06.Week3.Net Cash Flow Investing Activities | K47: Week 5
B48: 07.Week3.Incomes Financing Activities (Loans, Factoring) | K48: 01.Incomes Operating Activities | M48: 144133.51 | P48: 144133.51
B49: 08.Week3.Payments Financing Activities | K49: 02.Payments Operating Activities | L49: -351593.68 | M49: -41284.404 | N49: -1590.2141 | O49: -1192.6606 | P49: -395660.96 | V49: =S49+T49+U49 -> 0
B50: 09.Week3.Net Cash Flow Financing Activities | K50: Materials | L50: -194428.88 | P50: -194428.88
B51: 10.Week3.Available Funds | K51: Other | L51: -11596.353 | P51: -11596.353
B52: 11.Week3.Credit Funds | K52: Salaries and Social Securities | L52: -58103.976 | M52: -13761.468 | N52: -1590.2141 | O52: -917.43119 | P52: -74373.089
B53: 12.Week3.Net Cash Flow | C53: -582029.86 | D53: 348314.81 | E53: 4570.4479 | F53: 14527.329 | G53: -214617.27 | K53: Services | L53: -21868.146 | M53: -8868.5015 | O53: -275.22936 | P53: -31011.877
B54: 01.Week4.Incomes Operating Activities | C54: 2664.5203 | D54: 48782.964 | G54: 51447.485 | K54: Taxes | L54: -61162.08 | M54: -12232.416 | P54: -73394.495
B55: 02.Week4.Payments Operating Activities | C55: 198762.04 | G55: 198762.04 | K55: Transport | L55: -4434.2508 | M55: -6422.0183 | P55: -10856.269 | V55: =S55+T55 -> 0
B56: 03.Week4.Net Cash Flow Operating Activities | C56: -196097.52 | D56: 48782.964 | G56: -147314.55 | K56: Total Week 5 | L56: -351593.68 | M56: 102849.11 | N56: -1590.2141 | O56: -1192.6606 | P56: -251527.45
B57: 04.Week4.Incomes Investing Activities | K57: Week 6
B58: 05.Week4.Payments Investing Activities (CAPEX) | C58: 4087.156 | D58: 10827.936 | G58: 14915.092 | K58: 01.Incomes Operating Activities | L58: 3000.1836 | M58: 13229.503 | P58: 16229.687
B59: 06.Week4.Net Cash Flow Investing Activities | C59: -4087.156 | D59: -10827.936 | G59: -14915.092 | K59: 02.Payments Operating Activities | L59: -80672.922 | P59: -80672.922
B60: 07.Week4.Incomes Financing Activities (Loans, Factoring) | K60: Materials | L60: -78456.138 | P60: -78456.138
B61: 08.Week4.Payments Financing Activities | K61: Other | L61: -2216.7844 | P61: -2216.7844
B62: 09.Week4.Net Cash Flow Financing Activities | K62: Total Week 6 | L62: -77672.738 | M62: 13229.503 | P62: -64443.235
B63: 10.Week4.Available Funds | K63: Week 7
B64: 11.Week4.Credit Funds | K64: 01.Incomes Operating Activities | M64: 81527.575 | P64: 81527.575
B65: 12.Week4.Net Cash Flow | C65: -782214.53 | D65: 386269.84 | E65: 4570.4479 | F65: 14527.329 | G65: -376846.91 | K65: 02.Payments Operating Activities | L65: -139682.21 | P65: -139682.21
B66: 01.Week5.Incomes Operating Activities | D66: 144133.51 | G66: 144133.51 | K66: Materials | L66: -137217.02 | P66: -137217.02
B67: 02.Week5.Payments Operating Activities | C67: 351593.68 | D67: 41284.404 | E67: 1590.2141 | F67: 1192.6606 | G67: 395660.96 | K67: Other | L67: -2315.808 | P67: -2315.808
B68: 03.Week5.Net Cash Flow Operating Activities | C68: -351593.68 | D68: 102849.11 | E68: -1590.2141 | F68: -1192.6606 | G68: -251527.45 | K68: Services | L68: -149.38838 | P68: -149.38838
B69: 04.Week5.Incomes Investing Activities | K69: 08.Payments Financing Activities | L69: -51987.768 | P69: -51987.768
B70: 05.Week5.Payments Investing Activities (CAPEX) | K70: Total Week 7 | L70: -191669.98 | M70: 81527.575 | P70: -110142.41
B71: 06.Week5.Net Cash Flow Investing Activities | K71: Week 8
B72: 07.Week5.Incomes Financing Activities (Loans, Factoring) | K72: 01.Incomes Operating Activities | L72: 717.8381 | M72: 18248.114 | P72: 18965.952
B73: 08.Week5.Payments Financing Activities | K73: 02.Payments Operating Activities | L73: -137205.48 | P73: -137205.48
B74: 09.Week5.Net Cash Flow Financing Activities | K74: Materials | L74: -74568.502 | P74: -74568.502
B75: 10.Week5.Available Funds | K75: Other | L75: -3003.9529 | P75: -3003.9529
B76: 11.Week5.Credit Funds | K76: Utilities
B77: 12.Week5.Net Cash Flow | C77: -1133808.2 | D77: 489118.94 | E77: 2980.2339 | F77: 13334.669 | G77: -628374.36 | K77: Electricity | L77: -36697.248 | P77: -36697.248
B78: 01.Week6.Incomes Operating Activities | C78: 3000.1836 | D78: 13229.503 | G78: 16229.687 | K78: Gas | L78: -22935.78 | P78: -22935.78
B79: 02.Week6.Payments Operating Activities | C79: 80672.922 | G79: 80672.922 | K79: 05.Payments Investing Activities (CAPEX) | L79: -4087.156 | M79: -10827.936 | P79: -14915.092
B80: 03.Week6.Net Cash Flow Operating Activities | C80: -77672.738 | D80: 13229.503 | G80: -64443.235 | K80: Total Week 8 | L80: -140574.8 | M80: 7420.1783 | P80: -133154.62
B81: 04.Week6.Incomes Investing Activities
B82: 05.Week6.Payments Investing Activities (CAPEX)
B83: 06.Week6.Net Cash Flow Investing Activities
B84: 07.Week6.Incomes Financing Activities (Loans, Factoring)
B85: 08.Week6.Payments Financing Activities
B86: 09.Week6.Net Cash Flow Financing Activities
B87: 10.Week6.Available Funds
B88: 11.Week6.Credit Funds
B89: 12.Week6.Net Cash Flow | C89: -1211480.9 | D89: 502348.45 | E89: 2980.2339 | F89: 13334.669 | G89: -692817.6
B90: 01.Week7.Incomes Operating Activities | D90: 81527.575 | G90: 81527.575
B91: 02.Week7.Payments Operating Activities | C91: 139682.21 | G91: 139682.21
B92: 03.Week7.Net Cash Flow Operating Activities | C92: -139682.21 | D92: 81527.575 | G92: -58154.637
B93: 04.Week7.Incomes Investing Activities
B94: 05.Week7.Payments Investing Activities (CAPEX)
B95: 06.Week7.Net Cash Flow Investing Activities
B96: 07.Week7.Incomes Financing Activities (Loans, Factoring)
B97: 08.Week7.Payments Financing Activities | C97: 51987.768 | G97: 51987.768
B98: 09.Week7.Net Cash Flow Financing Activities | C98: -51987.768 | G98: -51987.768
B99: 10.Week7.Available Funds
B100: 11.Week7.Credit Funds
B101: 12.Week7.Net Cash Flow | C101: -1403150.9 | D101: 583876.02 | E101: 2980.2339 | F101: 13334.669 | G101: -802960
...

Sheet All.Entities
B2: BU | C2: All
B3: RPvsTP | D3: W04 | E3: W05 | F3: W06 | G3: W07 | H3: W08 | I3: W09 | J3: W10 | K3: W11
C5: 0 | D5: Week 1 | E5: Week 2 | F5: Week 3 | G5: Week 4 | H5: Week 5 | I5: Week 6 | J5: Week 7 | K5: Week 8 | L5: Total
B6: 01.Incomes Operating Activities | C6: 1148440.6 | D6: 378307.23 | E6: 7414.4185 | F6: 23799.111 | G6: 51447.485 | H6: 144133.51 | I6: 16229.687 | J6: 81527.575 | K6: 18965.952 | L6: 1870265.6
B7: 02.Payments Operating Activities | C7: 412617.29 | D7: 323644.74 | E7: 210193.28 | F7: 90461.499 | G7: 198762.04 | H7: 395660.96 | I7: 80672.922 | J7: 139682.21 | K7: 137205.48 | L7: 1988900.4
B8: 03.Net Cash Flow Operating Activities | C8: 735823.35 | D8: 54662.485 | E8: -202778.86 | F8: -66662.388 | G8: -147314.55 | H8: -251527.45 | I8: -64443.235 | J8: -58154.637 | K8: -118239.53 | L8: -118634.82
B9: 04.Incomes Investing Activities
B10: 05.Payments Investing Activities (CAPEX) | G10: 14915.092 | K10: 14915.092 | L10: 29830.183
B11: 06.Net Cash Flow Investing Activities | G11: -14915.092 | K11: -14915.092 | L11: -29830.183
B12: 07.Incomes Financing Activities (Loans, Factoring) | D12: 15427.549 | L12: 15427.549
B13: 08.Payments Financing Activities | C13: 94880.862 | D13: 15266.055 | J13: 51987.768 | L13: 162134.68
B14: 09.Net Cash Flow Financing Activities | C14: -94880.862 | D14: 161.49388 | J14: -51987.768 | L14: -146707.14
B15: 10.Available Funds
B16: 11.Credit Funds
B17: 12.Week Net Cash Flow | C17: 640942.49 | D17: 54823.979 | E17: -202778.86 | F17: -66662.388 | G17: -162229.64 | H17: -251527.45 | I17: -64443.235 | J17: -110142.41 | K17: -133154.62 | L17: -295172.14
B19: Running Net Cash Flow | D19: =SUM($D$17:D17) -> 54823.979 | E19: =SUM($D$17:E17) -> -147954.88 | F19: =SUM($D$17:F17) -> -214617.27 | G19: =SUM($D$17:G17) -> -376846.91 | H19: =SUM($D$17:H17) -> -628374.36 | I19: =SUM($D$17:I17) -> -692817.6 | J19: =SUM($D$17:J17) -> -802960 | K19: =SUM($D$17:K17) -> -936114.63
B21: BU | C21: All
B22: RPvsTP | D22: W04 | E22: W05 | F22: W06 | G22: W07 | H22: W08 | I22: W09 | J22: W10 | K22: W11
B24: CF
C25: 0 | D25: Week 1 | E25: Week 2 | F25: Week 3 | G25: Week 4 | H25: Week 5 | I25: Week 6 | J25: Week 7 | K25: Week 8 | L25: Total
B26: 01.Incomes Operating Activities | C26: 1148440.6 | D26: 378307.23 | E26: 7414.4185 | F26: 23799.111 | G26: 51447.485 | H26: 144133.51 | I26: 16229.687 | J26: 81527.575 | K26: 18965.952 | L26: 1870265.6
B27: Other | D27: 6119.0999 | L27: 6119.0999
B28: Starter | C28: 1148440.6 | D28: 372188.13 | E28: 7414.4185 | F28: 23799.111 | G28: 51447.485 | H28: 144133.51 | I28: 16229.687 | J28: 81527.575 | K28: 18965.952 | L28: 1864146.5
B29: 02.Payments Operating Activities | C29: -412617.29 | D29: -323644.74 | E29: -210193.28 | F29: -90461.499 | G29: -198762.04 | H29: -395660.96 | I29: -80672.922 | J29: -139682.21 | K29: -137205.48 | L29: -1988900.4
B30: Other | C30: -9174.3119 | D30: -8816.6667 | E30: -3501.6838 | F30: -2527.1043 | G30: -3256.0884 | H30: -11596.353 | I30: -2216.7844 | J30: -2315.808 | K30: -3003.9529 | L30: -46408.753
B31: Materials | C31: -222525.55 | D31: -157141.89 | E31: -159894.52 | F31: -87756.417 | G31: -135872.92 | H31: -194428.88 | I31: -78456.138 | J31: -137217.02 | K31: -74568.502 | L31: -1247861.8
B32: Salaries and Social Securities | C32: -74373.089 | D32: -72721.667 | H32: -74373.089 | L32: -221467.84
B33: Services | C33: -25351.682 | D33: -4062.537 | E33: -41218.761 | F33: -177.97859 | H33: -31011.877 | J33: -149.38838 | L33: -101972.22
B34: Taxes | C34: -73394.495 | H34: -73394.495 | L34: -146788.99
B35: Transport | C35: -7798.1651 | D35: -24500.819 | H35: -10856.269 | L35: -43155.253
B36: Utilities | D36: -56401.161 | E36: -5578.318 | G36: -59633.028 | K36: -59633.028 | L36: -181245.53
B37: 05.Payments Investing Activities (CAPEX) | G37: -14915.092 | K37: -14915.092 | L37: -29830.183
B38: CAPEX | G38: -14915.092 | K38: -14915.092 | L38: -29830.183
B39: 08.Payments Financing Activities | C39: -94880.862 | D39: -15266.055 | J39: -51987.768 | L39: -162134.68
B40: Loans | C40: -94880.862 | D40: -15266.055 | J40: -51987.768 | L40: -162134.68
B41: 07.Incomes Financing Activities (Loans, Factoring) | D41: 15427.549 | L41: 15427.549
B42: Other | D42: 15427.549 | L42: 15427.549
B43: Total | C43: 640942.49 | D43: 54823.979 | E43: -202778.86 | F43: -66662.388 | G43: -162229.64 | H43: -251527.45 | I43: -64443.235 | J43: -110142.41 | K43: -133154.62 | L43: -295172.14

Sheet RESOURCE
D1: FX Rate
D2: EUR/ | E2: TND | F2: 3.23577
D3: EUR/ | E3: USD | F3: 1.11476
C4: Available Funds
C5: NOUR
C6: Bank 1 | D6: Orig.Currency | E6: EUR | F6: Blocked
C7: TND | D7: -2510946.1 | E7: =D7/F2 -> -775996.46
C8: USD | D8: 4.21 | E8: =D8/F3 -> 3.7765977
C9: EUR | D9: 499581.87 | E9: =D9 -> 499581.87
D10: TOTAL EUR | E10: =SUM(E7:E9) -> -276410.81
C11: Bank 1
C12: TND | D12: 181497.24 | E12: =D12/F2 -> 56090.896
C13: EUR | D13: 0 | E13: =D13 -> 0
D14: TOTAL EUR | E14: =SUM(E12:E13) -> 56090.896
C15: Bank 1
C16: TSD | D16: 4368.974 | E16: =D16/1.95583 -> 2233.8209
C17: EUR | D17: 0 | E17: =D17 -> 0
D18: TOTAL EUR | E18: =E16+E17 -> 2233.8209
C19: Bank 1
C20: TSD | D20: 0 | E20: =D20/1.95583 -> 0
C21: EUR | D21: 0 | E21: =D21 -> 0
D22: TOTAL EUR | E22: =E20+E21 -> 0
C23: Bank 1
C24: TSD | D24: 0 | E24: =D24/F2 -> 0
C25: EUR | D25: 0 | E25: =D25 -> 0
D26: TOTAL EUR | E26: =SUM(E24:E25) -> 0
C27: TIP
D28: Orig.Currency | E28: EUR | F28: Blocked
C29: TSD | D29: -3771.83 | E29: =D29/F2 -> -1165.6669
C30: EUR | D30: 0 | E30: =D30 -> 0
D31: TOTAL EUR | E31: =SUM(E29:E30) -> -1165.6669
C32: NBI
D33: Orig.Currency | E33: EUR | F33: Blocked
C34: TSD | D34: 465.449 | E34: =D34/F2 -> 143.8449
C35: EUR | D35: 14.02 | E35: =D35 -> 14.02
D36: TOTAL EUR | E36: =SUM(E34:E35) -> 157.8649
C37: SND
D38: Orig.Currency | E38: EUR | F38: Blocked
C39: TSD | D39: =-123791.629+936.826+184.305+11346.957+34773.345+16991.797+446.657 -> -59111.742 | E39: =D39/4.95 -> -11941.766
C40: EUR | D40: 0 | E40: =D40 -> 0
D41: TOTAL EUR | E41: =SUM(E39:E40) -> -11941.766
E42: =E10+E14+E18+E22+E26+E31+E36+E41 -> -231035.66 | F42: =F10+F14+F18+F22+F26+F31+F36+F41 -> 0
C43: Credit Funds
C44: Raiffaisen Bank | D44: Currency | E44: EUR | F44: Principal | G44: Monthly Interest
C45: EUR Overdraft | D45: 0 | E45: =D45 -> 0 | F45: 0 | G45: =F45*2%/12 -> 0
C46: DSK Bank | D46: Currency | E46: EUR | F46: Principal | G46: Monthly Interest
C47: EUR Overdraft | D47: 0 | E47: =D47 -> 0
C48: Eurobank | D48: Currency | E48: EUR | F48: Principal | G48: Monthly Interest
C49: BGN Overdraft | D49: 0 | E49: =D49/1.95583 -> 0 | F49: 0 | G49: =F49*2.65%/12/1.95583 -> 0
C50: Receivables Pledge | D50: 0 | E50: =D50 -> 0 | G50: =E50*2.4%/12 -> 0 | H50: Paid 8 weeks Credit amount | I50: End Week 8 Balance Credit
C52: TOTAL Credit Funds | E52: =E45+E47+E49+E50 -> 0 | H52: =SUM(J56:J63) -> 1164497.5 | I52: =E52-H52 -> -1164497.5
C54: Beginning Balance | D54: Blocked | E54: Reserve | F54: Week Available | G54: Incomes | H54: Payments | I54: Week Net Cash | J54: Credit Funds | K54: Ending Balance | M54: RPvsTP | N54: All
A55: Overdues | G55: =GETPIVOTDATA("[Measures].[ICF]",$M$56,"[CF].[WEEK]","[CF].[WEEK].&[0]") -> 1148440.6 | H55: =GETPIVOTDATA("[Measures].[OCF]",$M$56,"[CF].[WEEK]","[CF].[WEEK].&[0]") -> 507498.15
A56: Week | B56: 1 | C56: =E42 -> -231035.66 | D56: =F42 -> 0 | F56: =C56-E56-D56 -> -231035.66 | G56: =GETPIVOTDATA("[Measures].[ICF]",$M$56,"[CF].[WEEK]","[CF].[WEEK].&[1]") -> 393734.78 | H56: =GETPIVOTDATA("[Measures].[OCF]",$M$56,"[CF].[WEEK]","[CF].[WEEK].&[1]") -> 338910.8 | I56: =F56+G56-H56 -> -176211.68 | J56: =IF(I56<0,-I56,0) -> 176211.68 | K56: =I56+J56+E56 -> 0 | L56: W04 | N56: ICF | O56: OCF
A57: Week | B57: 2 | C57: =K56 -> 0 | F57: =C57-E57 -> 0 | G57: =GETPIVOTDATA("[Measures].[ICF]",$M$56,"[CF].[WEEK]","[CF].[WEEK].&[2]") -> 7414.4185 | H57: =GETPIVOTDATA("[Measures].[OCF]",$M$56,"[CF].[WEEK]","[CF].[WEEK].&[2]") -> 210193.28 | I57: =F57+G57-H57 -> -202778.86 | J57: =IF(I57<0,-I57,0) -> 202778.86 | K57: =I57+J57+E57 -> 0 | L57: W05 | M57: 0 | N57: 1148440.6 | O57: 507498.15
A58: Week | B58: 3 | C58: =K57 -> 0 | F58: =C58-E58 -> 0 | G58: =GETPIVOTDATA("[Measures].[ICF]",$M$56,"[CF].[WEEK]","[CF].[WEEK].&[3]") -> 277216.38 | H58: =GETPIVOTDATA("[Measures].[OCF]",$M$56,"[CF].[WEEK]","[CF].[WEEK].&[3]") -> 341226.03 | I58: =F58+G58-H58 -> -64009.644 | J58: =IF(I58<0,-I58,0) -> 64009.644 | K58: =I58+J58+E58 -> 0 | L58: W06 | M58: Week 1 | N58: 393734.78 | O58: 338910.8
A59: Week | B59: 4 | C59: =K58 -> 0 | F59: =C59-E59 -> 0 | G59: =GETPIVOTDATA("[Measures].[ICF]",$M$56,"[CF].[WEEK]","[CF].[WEEK].&[4]") -> 51447.485 | H59: =GETPIVOTDATA("[Measures].[OCF]",$M$56,"[CF].[WEEK]","[CF].[WEEK].&[4]") -> 213677.13 | I59: =F59+G59-H59 -> -162229.64 | J59: =IF(I59<0,-I59,0) -> 162229.64 | K59: =I59+J59+E59 -> 0 | L59: W07 | M59: Week 2 | N59: 7414.4185 | O59: 210193.28
A60: Week | B60: 5 | C60: =K59 -> 0 | F60: =C60-E60 -> 0 | G60: =GETPIVOTDATA("[Measures].[ICF]",$M$56,"[CF].[WEEK]","[CF].[WEEK].&[5]") -> 144133.51 | H60: =GETPIVOTDATA("[Measures].[OCF]",$M$56,"[CF].[WEEK]","[CF].[WEEK].&[5]") -> 395660.96 | I60: =F60+G60-H60 -> -251527.45 | J60: =IF(I60<0,-I60,0) -> 251527.45 | K60: =I60+J60+E60 -> 0 | L60: W08 | M60: Week 3 | N60: 277216.38 | O60: 341226.03
A61: Week | B61: 6 | C61: =K60 -> 0 | F61: =C61-E61 -> 0 | G61: =GETPIVOTDATA("[Measures].[ICF]",$M$56,"[CF].[WEEK]","[CF].[WEEK].&[6]") -> 16229.687 | H61: =GETPIVOTDATA("[Measures].[OCF]",$M$56,"[CF].[WEEK]","[CF].[WEEK].&[6]") -> 80672.922 | I61: =F61+G61-H61 -> -64443.235 | J61: =IF(I61<0,-I61,0) -> 64443.235 | K61: =I61+J61+E61 -> 0 | L61: W09 | M61: Week 4 | N61: 51447.485 | O61: 213677.13
A62: Week | B62: 7 | C62: =K61 -> 0 | F62: =C62-E62 -> 0 | G62: =GETPIVOTDATA("[Measures].[ICF]",$M$56,"[CF].[WEEK]","[CF].[WEEK].&[7]") -> 81527.575 | H62: =GETPIVOTDATA("[Measures].[OCF]",$M$56,"[CF].[WEEK]","[CF].[WEEK].&[7]") -> 191669.98 | I62: =F62+G62-H62 -> -110142.41 | J62: =IF(I62<0,-I62,0) -> 110142.41 | K62: =I62+J62+E62 -> 0 | L62: W10 | M62: Week 5 | N62: 144133.51 | O62: 395660.96
A63: Week | B63: 8 | C63: =K62 -> 0 | F63: =C63-E63 -> 0 | G63: =GETPIVOTDATA("[Measures].[ICF]",$M$56,"[CF].[WEEK]","[CF].[WEEK].&[8]") -> 18965.952 | H63: =GETPIVOTDATA("[Measures].[OCF]",$M$56,"[CF].[WEEK]","[CF].[WEEK].&[8]") -> 152120.57 | I63: =F63+G63-H63 -> -133154.62 | J63: =IF(I63<0,-I63,0) -> 133154.62 | K63: =I63+J63+E63 -> 0 | L63: W11 | M63: Week 6 | N63: 16229.687 | O63: 80672.922
G64: =SUM(G56:G63) -> 990669.78 | H64: =SUM(H56:H63) -> 1924131.7 | J64: Ending Total Credit+Available | K64: =K63+I52 -> -1164497.5 | M64: Week 7 | N64: 81527.575 | O64: 191669.98
G65: =ROUND(SUM(G55:G63),0)=ROUND(SUM(ICF[В евро остатък за плащане]),0) -> TRUE | H65: =ROUND(SUM(H55:H63),0)=ROUND(SUMIFS(OCF[В евро остатък за плащане],OCF[RPvsTP],""),0)+ROUND(SUM(Payments_Add[В евро остатък за плащане]),0) -> TRUE | M65: Week 8 | N65: 18965.952 | O65: 152120.57
M71: 1916711.2

Sheet Incomes.All
K1: 44592
B2: Source.Name | C2: Контрагент | D2: Дата на падеж | E2: Валута | F2: Очакван или докуминтиран разход | G2: Сума във Валута | H2: В евро остатък за плащане | I2: BU | J2: TODAY | K2: Monday | L2: WEEK | M2: GROUP | N2: SUBGROUP | O2: TYPE | P2: RPvsTP | R2: 01.Incomes Operating Activities
B3: Income | C3: NOUR | D3: 44596 | E3: TND | F3: Documented | G3: =62400*0.8 -> 49920 | H3: =+ICF[[#This Row],[Сума във Валута]]/RESOURCE!$F$2 -> 15427.549 | I3: TIP | K3: =$K$1 -> 44592 | L3: =IF(ICF[[#This Row],[Дата на падеж]]<ICF[[#This Row],[Monday]]+7,1, IF(ICF[[#This Row],[Дата на падеж]]<ICF[[#This Row],[Monday]]+14,2, IF(ICF[[#This Row],[Дата на падеж]]<ICF[[#This Row],[Monday]]+21,3, IF(ICF[[#This Row],[Дата на падеж]]<ICF[[#This Row],[Monday]]+28,4, IF(ICF[[#This Row],[Дата на падеж]]<ICF[[#This Row],[Monday]]+35,5, IF(ICF[[#This Row],[Дата на падеж]]<ICF[[#This Row],[Monday]]+42,6, IF(ICF[[#This Row],[Дата на падеж]]<ICF[[#This Row],[Monday]]+49,7, IF(ICF[[#This Row],[Дата на падеж]]<ICF[[#This Row],[Monday]]+56,8,0)))))))) -> 1 | M3: Other | N3: Other | O3: 07.Incomes Financing Activities (Loans, Factoring) | R3: 07.Incomes Financing Activities (Loans, Factoring)
B4: Income | C4: NOUR | D4: 44596 | E4: TND | F4: Documented | G4: =20000*0.99 -> 19800 | H4: =+ICF[[#This Row],[Сума във Валута]]/RESOURCE!$F$2 -> 6119.0999 | I4: NBI | K4: =$K$1 -> 44592 | L4: =IF(ICF[[#This Row],[Дата на падеж]]<ICF[[#This Row],[Monday]]+7,1, IF(ICF[[#This Row],[Дата на падеж]]<ICF[[#This Row],[Monday]]+14,2, IF(ICF[[#This Row],[Дата на падеж]]<ICF[[#This Row],[Monday]]+21,3, IF(ICF[[#This Row],[Дата на падеж]]<ICF[[#This Row],[Monday]]+28,4, IF(ICF[[#This Row],[Дата на падеж]]<ICF[[#This Row],[Monday]]+35,5, IF(ICF[[#This Row],[Дата на падеж]]<ICF[[#This Row],[Monday]]+42,6, IF(ICF[[#This Row],[Дата на падеж]]<ICF[[#This Row],[Monday]]+49,7, IF(ICF[[#This Row],[Дата на падеж]]<ICF[[#This Row],[Monday]]+56,8,0)))))))) -> 1 | M4: Other | N4: Other | O4: 01.Incomes Operating Activities
B5: Income | C5: NOUR | D5: 44607 | E5: TND | F5: Documented | G5: 820000 | H5: =+ICF[[#This Row],[Сума във Валута]]/RESOURCE!$F$2 -> 253417.27 | I5: SNR | K5: =$K$1 -> 44592 | L5: =IF(ICF[[#This Row],[Дата на падеж]]<ICF[[#This Row],[Monday]]+7,1, IF(ICF[[#This Row],[Дата на падеж]]<ICF[[#This Row],[Monday]]+14,2, IF(ICF[[#This Row],[Дата на падеж]]<ICF[[#This Row],[Monday]]+21,3, IF(ICF[[#This Row],[Дата на падеж]]<ICF[[#This Row],[Monday]]+28,4, IF(ICF[[#This Row],[Дата на падеж]]<ICF[[#This Row],[Monday]]+35,5, IF(ICF[[#This Row],[Дата на падеж]]<ICF[[#This Row],[Monday]]+42,6, IF(ICF[[#This Row],[Дата на падеж]]<ICF[[#This Row],[Monday]]+49,7, IF(ICF[[#This Row],[Дата на падеж]]<ICF[[#This Row],[Monday]]+56,8,0)))))))) -> 3 | M5: Other | N5: CAPEX | O5: 08.Incomes Investing Activities | P5: RP
B6: Income | C6: ITUCY | D6: 44550 | E6: TND | F6: Documented | G6: 230.27 | H6: =+ICF[[#This Row],[Сума във Валута]]/RESOURCE!$F$2 -> 71.163896 | I6: SND | K6: =$K$1 -> 44592 | L6: =IF(ICF[[#This Row],[Дата на падеж]]<ICF[[#This Row],[Monday]]+7,1, IF(ICF[[#This Row],[Дата на падеж]]<ICF[[#This Row],[Monday]]+14,2, IF(ICF[[#This Row],[Дата на падеж]]<ICF[[#This Row],[Monday]]+21,3, IF(ICF[[#This Row],[Дата на падеж]]<ICF[[#This Row],[Monday]]+28,4, IF(ICF[[#This Row],[Дата на падеж]]<ICF[[#This Row],[Monday]]+35,5, IF(ICF[[#This Row],[Дата на падеж]]<ICF[[#This Row],[Monday]]+42,6, IF(ICF[[#This Row],[Дата на падеж]]<ICF[[#This Row],[Monday]]+49,7, IF(ICF[[#This Row],[Дата на падеж]]<ICF[[#This Row],[Monday]]+56,8,0)))))))) -> 1 | M6: Starter | N6: Logistic | O6: 01.Incomes Operating Activities
B7: Income | C7: SO CO TEM | D7: 44619 | E7: TND | F7: Documented | G7: 51.314 | H7: =+ICF[[#This Row],[Сума във Валута]]/RESOURCE!$F$2 -> 15.858358 | I7: SND | K7: =$K$1 -> 44592 | L7: =IF(ICF[[#This Row],[Дата на падеж]]<ICF[[#This Row],[Monday]]+7,1, IF(ICF[[#This Row],[Дата на падеж]]<ICF[[#This Row],[Monday]]+14,2, IF(ICF[[#This Row],[Дата на падеж]]<ICF[[#This Row],[Monday]]+21,3, IF(ICF[[#This Row],[Дата на падеж]]<ICF[[#This Row],[Monday]]+28,4, IF(ICF[[#This Row],[Дата на падеж]]<ICF[[#This Row],[Monday]]+35,5, IF(ICF[[#This Row],[Дата на падеж]]<ICF[[#This Row],[Monday]]+42,6, IF(ICF[[#This Row],[Дата на падеж]]<ICF[[#This Row],[Monday]]+49,7, IF(ICF[[#This Row],[Дата на падеж]]<ICF[[#This Row],[Monday]]+56,8,0)))))))) -> 4 | M7: Starter | N7: Logistic | O7: 01.Incomes Operating Activities
B8: Income | C8: SO CO TEM | D8: 44712 | E8: TND | F8: Documented | G8: 2214.808 | H8: =+ICF[[#This Row],[Сума във Валута]]/RESOURCE!$F$2 -> 684.47634 | I8: SND | K8: =$K$1 -> 44592 | L8: =IF(ICF[[#This Row],[Дата на падеж]]<ICF[[#This Row],[Monday]]+7,1, IF(ICF[[#This Row],[Дата на падеж]]<ICF[[#This Row],[Monday]]+14,2, IF(ICF[[#This Row],[Дата на падеж]]<ICF[[#This Row],[Monday]]+21,3, IF(ICF[[#This Row],[Дата на падеж]]<ICF[[#This Row],[Monday]]+28,4, IF(ICF[[#This Row],[Дата на падеж]]<ICF[[#This Row],[Monday]]+35,5, IF(ICF[[#This Row],[Дата на падеж]]<ICF[[#This Row],[Monday]]+42,6, IF(ICF[[#This Row],[Дата на падеж]]<ICF[[#This Row],[Monday]]+49,7, IF(ICF[[#This Row],[Дата на падеж]]<ICF[[#This Row],[Monday]]+56,8,0)))))))) -> 0 | M8: Starter | N8: Logistic | O8: 01.Incomes Operating Activities
B9: Income | C9: SORECOM | D9: 44682 | E9: TND | F9: Documented | G9: 652.108 | H9: =+ICF[[#This Row],[Сума във Валута]]/RESOURCE!$F$2 -> 201.53101 | I9: SND | K9: =$K$1 -> 44592 | L9: =IF(ICF[[#This Row],[Дата на падеж]]<ICF[[#This Row],[Monday]]+7,1, IF(ICF[[#This Row],[Дата на падеж]]<ICF[[#This Row],[Monday]]+14,2, IF(ICF[[#This Row],[Дата на падеж]]<ICF[[#This Row],[Monday]]+21,3, IF(ICF[[#This Row],[Дата на падеж]]<ICF[[#This Row],[Monday]]+28,4, IF(ICF[[#This Row],[Дата на падеж]]<ICF[[#This Row],[Monday]]+35,5, IF(ICF[[#This Row],[Дата на падеж]]<ICF[[#This Row],[Monday]]+42,6, IF(ICF[[#This Row],[Дата на падеж]]<ICF[[#This Row],[Monday]]+49,7, IF(ICF[[#This Row],[Дата на падеж]]<ICF[[#This Row],[Monday]]+56,8,0)))))))) -> 0 | M9: Starter | N9: Logistic | O9: 01.Incomes Operating Activities
B10: Income | C10: SOGEPIA | D10: 44681 | E10: TND | F10: Documented | G10: 548 | H10: =+ICF[[#This Row],[Сума във Валута]]/RESOURCE!$F$2 -> 169.35691 | I10: SND | K10: =$K$1 -> 44592 | L10: =IF(ICF[[#This Row],[Дата на падеж]]<ICF[[#This Row],[Monday]]+7,1, IF(ICF[[#This Row],[Дата на падеж]]<ICF[[#This Row],[Monday]]+14,2, IF(ICF[[#This Row],[Дата на падеж]]<ICF[[#This Row],[Monday]]+21,3, IF(ICF[[#This Row],[Дата на падеж]]<ICF[[#This Row],[Monday]]+28,4, IF(ICF[[#This Row],[Дата на падеж]]<ICF[[#This Row],[Monday]]+35,5, IF(ICF[[#This Row],[Дата на падеж]]<ICF[[#This Row],[Monday]]+42,6, IF(ICF[[#This Row],[Дата на падеж]]<ICF[[#This Row],[Monday]]+49,7, IF(ICF[[#This Row],[Дата на падеж]]<ICF[[#This Row],[Monday]]+56,8,0)))))))) -> 0 | M10: Starter | N10: Logistic | O10: 01.Incomes Operating Activities
B11: Income | C11: SOGEPIA | D11: 44712 | E11: TND | F11: Documented | G11: 1678.993 | H11: =+ICF[[#This Row],[Сума във Валута]]/RESOURCE!$F$2 -> 518.88515 | I11: SND | K11: =$K$1 -> 44592 | L11: =IF(ICF[[#This Row],[Дата на падеж]]<ICF[[#This Row],[Monday]]+7,1, IF(ICF[[#This Row],[Дата на падеж]]<ICF[[#This Row],[Monday]]+14,2, IF(ICF[[#This Row],[Дата на падеж]]<ICF[[#This Row],[Monday]]+21,3, IF(ICF[[#This Row],[Дата на падеж]]<ICF[[#This Row],[Monday]]+28,4, IF(ICF[[#This Row],[Дата на падеж]]<ICF[[#This Row],[Monday]]+35,5, IF(ICF[[#This Row],[Дата на падеж]]<ICF[[#This Row],[Monday]]+42,6, IF(ICF[[#This Row],[Дата на падеж]]<ICF[[#This Row],[Monday]]+49,7, IF(ICF[[#This Row],[Дата на падеж]]<ICF[[#This Row],[Monday]]+56,8,0)))))))) -> 0 | M11: Starter | N11: Logistic | O11: 01.Incomes Operating Activities
B12: Income | C12: ABDELAZIZ B JEMAI SOUISSI | D12: 44499 | E12: TND | F12: Documented | G12: 1291.93 | H12: =+ICF[[#This Row],[Сума във Валута]]/RESOURCE!$F$2 -> 399.26509 | I12: SND | K12: =$K$1 -> 44592 | L12: =IF(ICF[[#This Row],[Дата на падеж]]<ICF[[#This Row],[Monday]]+7,1, IF(ICF[[#This Row],[Дата на падеж]]<ICF[[#This Row],[Monday]]+14,2, IF(ICF[[#This Row],[Дата на падеж]]<ICF[[#This Row],[Monday]]+21,3, IF(ICF[[#This Row],[Дата на падеж]]<ICF[[#This Row],[Monday]]+28,4, IF(ICF[[#This Row],[Дата на падеж]]<ICF[[#This Row],[Monday]]+35,5, IF(ICF[[#This Row],[Дата на падеж]]<ICF[[#This Row],[Monday]]+42,6, IF(ICF[[#This Row],[Дата на падеж]]<ICF[[#This Row],[Monday]]+49,7, IF(ICF[[#This Row],[Дата на падеж]]<ICF[[#This Row],[Monday]]+56,8,0)))))))) -> 1 | M12: Starter | N12: Logistic | O12: 01.Incomes Operating Activities
B13: Income | C13: ABDELBAKI KHEMIRI | D13: 44682 | E13: TND | F13: Documented | G13: 3802.768 | H13: =+ICF[[#This Row],[Сума във Валута]]/RESOURCE!$F$2 -> 1175.2282 | I13: SND | K13: =$K$1 -> 44592 | L13: =IF(ICF[[#This Row],[Дата на падеж]]<ICF[[#This Row],[Monday]]+7,1, IF(ICF[[#This Row],[Дата на падеж]]<ICF[[#This Row],[Monday]]+14,2, IF(ICF[[#This Row],[Дата на падеж]]<ICF[[#This Row],[Monday]]+21,3, IF(ICF[[#This Row],[Дата на падеж]]<ICF[[#This Row],[Monday]]+28,4, IF(ICF[[#This Row],[Дата на падеж]]<ICF[[#This Row],[Monday]]+35,5, IF(ICF[[#This Row],[Дата на падеж]]<ICF[[#This Row],[Monday]]+42,6, IF(ICF[[#This Row],[Дата на падеж]]<ICF[[#This Row],[Monday]]+49,7, IF(ICF[[#This Row],[Дата на падеж]]<ICF[[#This Row],[Monday]]+56,8,0)))))))) -> 0 | M13: Starter | N13: Logistic | O13: 01.Incomes Operating Activities
B14: Income | C14: ABDELKADER B YOUSSEF GHARBI | D14: 44651 | E14: TND | F14: Documented | G14: 56.614 | H14: =+ICF[[#This Row],[Сума във Валута]]/RESOURCE!$F$2 -> 17.496299 | I14: SND | K14: =$K$1 -> 44592 | L14: =IF(ICF[[#This Row],[Дата на падеж]]<ICF[[#This Row],[Monday]]+7,1, IF(ICF[[#This Row],[Дата на падеж]]<ICF[[#This Row],[Monday]]+14,2, IF(ICF[[#This Row],[Дата на падеж]]<ICF[[#This Row],[Monday]]+21,3, IF(ICF[[#This Row],[Дата на падеж]]<ICF[[#This Row],[Monday]]+28,4, IF(ICF[[#This Row],[Дата на падеж]]<ICF[[#This Row],[Monday]]+35,5, IF(ICF[[#This Row],[Дата на падеж]]<ICF[[#This Row],[Monday]]+42,6, IF(ICF[[#This Row],[Дата на падеж]]<ICF[[#This Row],[Monday]]+49,7, IF(ICF[[#This Row],[Дата на падеж]]<ICF[[#This Row],[Monday]]+56,8,0)))))))) -> 0 | M14: Starter | N14: Logistic | O14: 01.Incomes Operating Activities
B15: Income | C15: ABDELKADER MOEZ BEN LAMINE | D15: 44712 | E15: TND | F15: Documented | G15: 1928.024 | H15: =+ICF[[#This Row],[Сума във Валута]]/RESOURCE!$F$2 -> 595.84705 | I15: SND | K15: =$K$1 -> 44592 | L15: =IF(ICF[[#This Row],[Дата на падеж]]<ICF[[#This Row],[Monday]]+7,1, IF(ICF[[#This Row],[Дата на падеж]]<ICF[[#This Row],[Monday]]+14,2, IF(ICF[[#This Row],[Дата на падеж]]<ICF[[#This Row],[Monday]]+21,3, IF(ICF[[#This Row],[Дата на падеж]]<ICF[[#This Row],[Monday]]+28,4, IF(ICF[[#This Row],[Дата на падеж]]<ICF[[#This Row],[Monday]]+35,5, IF(ICF[[#This Row],[Дата на падеж]]<ICF[[#This Row],[Monday]]+42,6, IF(ICF[[#This Row],[Дата на падеж]]<ICF[[#This Row],[Monday]]+49,7, IF(ICF[[#This Row],[Дата на падеж]]<ICF[[#This Row],[Monday]]+56,8,0)))))))) -> 0 | M15: Starter | N15: Logistic | O15: 01.Incomes Operating Activities
B16: Income | C16: ABDELKARIM CHEBBI | D16: 44527 | E16: TND | F16: Documented | G16: -29.09 | H16: =+ICF[[#This Row],[Сума във Валута]]/RESOURCE!$F$2 -> -8.9901322 | I16: SND | K16: =$K$1 -> 44592 | L16: =IF(ICF[[#This Row],[Дата на падеж]]<ICF[[#This Row],[Monday]]+7,1, IF(ICF[[#This Row],[Дата на падеж]]<ICF[[#This Row],[Monday]]+14,2, IF(ICF[[#This Row],[Дата на падеж]]<ICF[[#This Row],[Monday]]+21,3, IF(ICF[[#This Row],[Дата на падеж]]<ICF[[#This Row],[Monday]]+28,4, IF(ICF[[#This Row],[Дата на падеж]]<ICF[[#This Row],[Monday]]+35,5, IF(ICF[[#This Row],[Дата на падеж]]<ICF[[#This Row],[Monday]]+42,6, IF(ICF[[#This Row],[Дата на падеж]]<ICF[[#This Row],[Monday]]+49,7, IF(ICF[[#This Row],[Дата на падеж]]<ICF[[#This Row],[Monday]]+56,8,0)))))))) -> 1 | M16: Starter | N16: Logistic | O16: 01.Incomes Operating Activities
B17: Income | C17: ABDELKARIM CHEBBI | D17: 44681 | E17: TND | F17: Documented | G17: 7090.119 | H17: =+ICF[[#This Row],[Сума във Валута]]/RESOURCE!$F$2 -> 2191.169 | I17: SND | K17: =$K$1 -> 44592 | L17: =IF(ICF[[#This Row],[Дата на падеж]]<ICF[[#This Row],[Monday]]+7,1, IF(ICF[[#This Row],[Дата на падеж]]<ICF[[#This Row],[Monday]]+14,2, IF(ICF[[#This Row],[Дата на падеж]]<ICF[[#This Row],[Monday]]+21,3, IF(ICF[[#This Row],[Дата на падеж]]<ICF[[#This Row],[Monday]]+28,4, IF(ICF[[#This Row],[Дата на падеж]]<ICF[[#This Row],[Monday]]+35,5, IF(ICF[[#This Row],[Дата на падеж]]<ICF[[#This Row],[Monday]]+42,6, IF(ICF[[#This Row],[Дата на падеж]]<ICF[[#This Row],[Monday]]+49,7, IF(ICF[[#This Row],[Дата на падеж]]<ICF[[#This Row],[Monday]]+56,8,0)))))))) -> 0 | M17: Starter | N17: Logistic | O17: 01.Incomes Operating Activities
... B2418: Income | C2418: HATEM BEN MOHAMED BELGITH | D2418: 44682 | E2418: TND | F2418: Documented | G2418: 2936.951 | H2418: =+ICF[[#This Row],[Сума във Валута]]/RESOURCE!$F$2 -> 907.65135 | I2418: SND | K2418: =$K$1 -> 44592 | L2418: =IF(ICF[[#This Row],[Дата на падеж]]<ICF[[#This Row],[Monday]]+7,1, IF(ICF[[#This Row],[Дата на падеж]]<ICF[[#This Row],[Monday]]+14,2, IF(ICF[[#This Row],[Дата на падеж]]<ICF[[#This Row],[Monday]]+21,3, IF(ICF[[#This Row],[Дата на падеж]]<ICF[[#This Row],[Monday]]+28,4, IF(ICF[[#This Row],[Дата на падеж]]<ICF[[#This Row],[Monday]]+35,5, IF(ICF[[#This Row],[Дата на падеж]]<ICF[[#This Row],[Monday]]+42,6, IF(ICF[[#This Row],[Дата на падеж]]<ICF[[#This Row],[Monday]]+49,7, IF(ICF[[#This Row],[Дата на падеж]]<ICF[[#This Row],[Monday]]+56,8,0)))))))) -> 0 | M2418: Starter | N2418: Logistic | O2418: 01.Incomes Operating Activities

Sheet Payments.All
B2: Source.Name | C2: Контрагент | D2: Основание | E2: Допълнително основание | F2: Дата | G2: Дата на падеж | H2: Валута | I2: Очакван или докуминтиран разход | J2: Сума във Валута | K2: В евро остатък за плащане | L2: BU | M2: TODAY | N2: Monday | O2: WEEK | P2: GROUP | Q2: SUBGROUP | R2: TYPE | S2: Week adjusments | T2: RPvsTP | U2: Available Funds | V2: Credit Funds

Sheet Payments.Add
N1: 44592
B2: Source.Name | C2: Контрагент | D2: Основание | E2: Допълнително основание | F2: Дата | G2: Дата на падеж | H2: Валута | I2: Очакван или докуминтиран разход | J2: Сума във Валута | K2: В евро остатък за плащане | L2: BU | M2: TODAY | N2: Monday | O2: WEEK | P2: GROUP | Q2: SUBGROUP | R2: TYPE | S2: RPvsTP | T2: Available Funds | U2: Credit Funds
B3: =Payments_Add[[#This Row],[BU]] -> NOUR | C3: STEG | D3: gaz et électricité | E3: Electricity | F3: 44575 | G3: 44586 | H3: TND | I3: Documented | J3: 111468.42 | K3: 34088.201 | L3: NOUR | N3: =$N$1 -> 44592 | O3: =IF(Payments_Add[[#This Row],[Дата на падеж]]<Payments_Add[[#This Row],[Monday]]+7,1, IF(Payments_Add[[#This Row],[Дата на падеж]]<Payments_Add[[#This Row],[Monday]]+14,2, IF(Payments_Add[[#This Row],[Дата на падеж]]<Payments_Add[[#This Row],[Monday]]+21,3, IF(Payments_Add[[#This Row],[Дата на падеж]]<Payments_Add[[#This Row],[Monday]]+28,4, IF(Payments_Add[[#This Row],[Дата на падеж]]<Payments_Add[[#This Row],[Monday]]+35,5, IF(Payments_Add[[#This Row],[Дата на падеж]]<Payments_Add[[#This Row],[Monday]]+42,6, IF(Payments_Add[[#This Row],[Дата на падеж]]<Payments_Add[[#This Row],[Monday]]+49,7, IF(Payments_Add[[#This Row],[Дата на падеж]]<Payments_Add[[#This Row],[Monday]]+56,8,0)))))))) -> 1 | P3: Utilities | Q3: Electricity | R3: 02.Payments Operating Activities
B4: =Payments_Add[[#This Row],[BU]] -> NOUR | C4: 2RE | D4: PDR | E4: Maintenance | F4: 44512 | G4: 44617 | H4: TND | I4: PLANNED PAIEMENT | J4: 1715.783 | K4: 524.70428 | L4: NOUR | N4: =$N$1 -> 44592 | O4: =IF(Payments_Add[[#This Row],[Дата на падеж]]<Payments_Add[[#This Row],[Monday]]+7,1, IF(Payments_Add[[#This Row],[Дата на падеж]]<Payments_Add[[#This Row],[Monday]]+14,2, IF(Payments_Add[[#This Row],[Дата на падеж]]<Payments_Add[[#This Row],[Monday]]+21,3, IF(Payments_Add[[#This Row],[Дата на падеж]]<Payments_Add[[#This Row],[Monday]]+28,4, IF(Payments_Add[[#This Row],[Дата на падеж]]<Payments_Add[[#This Row],[Monday]]+35,5, IF(Payments_Add[[#This Row],[Дата на падеж]]<Payments_Add[[#This Row],[Monday]]+42,6, IF(Payments_Add[[#This Row],[Дата на падеж]]<Payments_Add[[#This Row],[Monday]]+49,7, IF(Payments_Add[[#This Row],[Дата на падеж]]<Payments_Add[[#This Row],[Monday]]+56,8,0)))))))) -> 4 | P4: Other | Q4: Other | R4: 02.Payments Operating Activities
B5: =Payments_Add[[#This Row],[BU]] -> NOUR | C5: ACCUMA | D5: Bac et couvercle | E5: Primary Materials | F5: 44545 | G5: 44635 | H5: EUR | I5: Documented | J5: 59606.149 | K5: 18228.18 | L5: NOUR | N5: =$N$1 -> 44592 | O5: =IF(Payments_Add[[#This Row],[Дата на падеж]]<Payments_Add[[#This Row],[Monday]]+7,1, IF(Payments_Add[[#This Row],[Дата на падеж]]<Payments_Add[[#This Row],[Monday]]+14,2, IF(Payments_Add[[#This Row],[Дата на падеж]]<Payments_Add[[#This Row],[Monday]]+21,3, IF(Payments_Add[[#This Row],[Дата на падеж]]<Payments_Add[[#This Row],[Monday]]+28,4, IF(Payments_Add[[#This Row],[Дата на падеж]]<Payments_Add[[#This Row],[Monday]]+35,5, IF(Payments_Add[[#This Row],[Дата на падеж]]<Payments_Add[[#This Row],[Monday]]+42,6, IF(Payments_Add[[#This Row],[Дата на падеж]]<Payments_Add[[#This Row],[Monday]]+49,7, IF(Payments_Add[[#This Row],[Дата на падеж]]<Payments_Add[[#This Row],[Monday]]+56,8,0)))))))) -> 7 | P5: Materials | Q5: Primary Materials | R5: 02.Payments Operating Activities
B6: =Payments_Add[[#This Row],[BU]] -> NOUR | C6: ACCUMA | D6: Bac et couvercle | E6: Primary Materials | F6: 44558 | G6: 44648 | H6: EUR | I6: Documented | J6: 122131.43 | K6: 37349.06 | L6: NOUR | N6: =$N$1 -> 44592 | O6: =IF(Payments_Add[[#This Row],[Дата на падеж]]<Payments_Add[[#This Row],[Monday]]+7,1, IF(Payments_Add[[#This Row],[Дата на падеж]]<Payments_Add[[#This Row],[Monday]]+14,2, IF(Payments_Add[[#This Row],[Дата на падеж]]<Payments_Add[[#This Row],[Monday]]+21,3, IF(Payments_Add[[#This Row],[Дата на падеж]]<Payments_Add[[#This Row],[Monday]]+28,4, IF(Payments_Add[[#This Row],[Дата на падеж]]<Payments_Add[[#This Row],[Monday]]+35,5, IF(Payments_Add[[#This Row],[Дата на падеж]]<Payments_Add[[#This Row],[Monday]]+42,6, IF(Payments_Add[[#This Row],[Дата на падеж]]<Payments_Add[[#This Row],[Monday]]+49,7, IF(Payments_Add[[#This Row],[Дата на падеж]]<Payments_Add[[#This Row],[Monday]]+56,8,0)))))))) -> 0 | P6: Materials | Q6: Primary Materials | R6: 02.Payments Operating Activities
B7: =Payments_Add[[#This Row],[BU]] -> NOUR | C7: ACTD | D7: soude caustique | E7: Primary Materials | F7: 44580 | G7: 44635 | H7: TND | I7: PLANNED PAIEMENT | J7: 2945.844 | K7: 900.86972 | L7: NOUR | N7: =$N$1 -> 44592 | O7: =IF(Payments_Add[[#This Row],[Дата на падеж]]<Payments_Add[[#This Row],[Monday]]+7,1, IF(Payments_Add[[#This Row],[Дата на падеж]]<Payments_Add[[#This Row],[Monday]]+14,2, IF(Payments_Add[[#This Row],[Дата на падеж]]<Payments_Add[[#This Row],[Monday]]+21,3, IF(Payments_Add[[#This Row],[Дата на падеж]]<Payments_Add[[#This Row],[Monday]]+28,4, IF(Payments_Add[[#This Row],[Дата на падеж]]<Payments_Add[[#This Row],[Monday]]+35,5, IF(Payments_Add[[#This Row],[Дата на падеж]]<Payments_Add[[#This Row],[Monday]]+42,6, IF(Payments_Add[[#This Row],[Дата на падеж]]<Payments_Add[[#This Row],[Monday]]+49,7, IF(Payments_Add[[#This Row],[Дата на падеж]]<Payments_Add[[#This Row],[Monday]]+56,8,0)))))))) -> 7 | P7: Materials | Q7: Primary Materials | R7: 02.Payments Operating Activities
B8: =Payments_Add[[#This Row],[BU]] -> NOUR | C8: ACTD | D8: soude caustique | E8: Primary Materials | F8: 44571 | G8: 44620 | H8: TND | I8: Documented | J8: 56488.113 | K8: 17274.652 | L8: NOUR | N8: =$N$1 -> 44592 | O8: =IF(Payments_Add[[#This Row],[Дата на падеж]]<Payments_Add[[#This Row],[Monday]]+7,1, IF(Payments_Add[[#This Row],[Дата на падеж]]<Payments_Add[[#This Row],[Monday]]+14,2, IF(Payments_Add[[#This Row],[Дата на падеж]]<Payments_Add[[#This Row],[Monday]]+21,3, IF(Payments_Add[[#This Row],[Дата на падеж]]<Payments_Add[[#This Row],[Monday]]+28,4, IF(Payments_Add[[#This Row],[Дата на падеж]]<Payments_Add[[#This Row],[Monday]]+35,5, IF(Payments_Add[[#This Row],[Дата на падеж]]<Payments_Add[[#This Row],[Monday]]+42,6, IF(Payments_Add[[#This Row],[Дата на падеж]]<Payments_Add[[#This Row],[Monday]]+49,7, IF(Payments_Add[[#This Row],[Дата на падеж]]<Payments_Add[[#This Row],[Monday]]+56,8,0)))))))) -> 5 | P8: Materials | Q8: Primary Materials | R8: 02.Payments Operating Activities
B9: =Payments_Add[[#This Row],[BU]] -> NOUR | C9: ACTD | D9: soude caustique | E9: Primary Materials | F9: 44571 | G9: 44651 | H9: TND | I9: Documented | J9: 56488.113 | K9: 17274.652 | L9: NOUR | N9: =$N$1 -> 44592 | O9: =IF(Payments_Add[[#This Row],[Дата на падеж]]<Payments_Add[[#This Row],[Monday]]+7,1, IF(Payments_Add[[#This Row],[Дата на падеж]]<Payments_Add[[#This Row],[Monday]]+14,2, IF(Payments_Add[[#This Row],[Дата на падеж]]<Payments_Add[[#This Row],[Monday]]+21,3, IF(Payments_Add[[#This Row],[Дата на падеж]]<Payments_Add[[#This Row],[Monday]]+28,4, IF(Payments_Add[[#This Row],[Дата на падеж]]<Payments_Add[[#This Row],[Monday]]+35,5, IF(Payments_Add[[#This Row],[Дата на падеж]]<Payments_Add[[#This Row],[Monday]]+42,6, IF(Payments_Add[[#This Row],[Дата на падеж]]<Payments_Add[[#This Row],[Monday]]+49,7, IF(Payments_Add[[#This Row],[Дата на падеж]]<Payments_Add[[#This Row],[Monday]]+56,8,0)))))))) -> 0 | P9: Materials | Q9: Primary Materials | R9: 02.Payments Operating Activities
B10: =Payments_Add[[#This Row],[BU]] -> NOUR | C10: AIR LIQUIDE | D10: oxygene | E10: Primary Materials | F10: 44593 | G10: 44620 | H10: TND | I10: PLANNED | J10: 2500 | K10: 764.52599 | L10: NOUR | N10: =$N$1 -> 44592 | O10: =IF(Payments_Add[[#This Row],[Дата на падеж]]<Payments_Add[[#This Row],[Monday]]+7,1, IF(Payments_Add[[#This Row],[Дата на падеж]]<Payments_Add[[#This Row],[Monday]]+14,2, IF(Payments_Add[[#This Row],[Дата на падеж]]<Payments_Add[[#This Row],[Monday]]+21,3, IF(Payments_Add[[#This Row],[Дата на падеж]]<Payments_Add[[#This Row],[Monday]]+28,4, IF(Payments_Add[[#This Row],[Дата на падеж]]<Payments_Add[[#This Row],[Monday]]+35,5, IF(Payments_Add[[#This Row],[Дата на падеж]]<Payments_Add[[#This Row],[Monday]]+42,6, IF(Payments_Add[[#This Row],[Дата на падеж]]<Payments_Add[[#This Row],[Monday]]+49,7, IF(Payments_Add[[#This Row],[Дата на падеж]]<Payments_Add[[#This Row],[Monday]]+56,8,0)))))))) -> 5 | P10: Materials | Q10: Primary Materials | R10: 02.Payments Operating Activities
B11: =Payments_Add[[#This Row],[BU]] -> NOUR | C11: AIR LIQUIDE | D11: oxygene | E11: Primary Materials | F11: 44621 | G11: 44651 | H11: TND | I11: PLANNED | J11: 2500 | K11: 764.52599 | L11: NOUR | N11: =$N$1 -> 44592 | O11: 0 | P11: Materials | Q11: Primary Materials | R11: 02.Payments Operating Activities
B12: =Payments_Add[[#This Row],[BU]] -> NOUR | C12: ALPHA FORD | D12: règlement voiture traite avalisée | E12: Domestic | F12: 44470 | G12: 44617 | H12: TND | I12: PAIEMENT | J12: 13365 | K12: 4087.156 | L12: NOUR | N12: =$N$1 -> 44592 | O12: =IF(Payments_Add[[#This Row],[Дата на падеж]]<Payments_Add[[#This Row],[Monday]]+7,1, IF(Payments_Add[[#This Row],[Дата на падеж]]<Payments_Add[[#This Row],[Monday]]+14,2, IF(Payments_Add[[#This Row],[Дата на падеж]]<Payments_Add[[#This Row],[Monday]]+21,3, IF(Payments_Add[[#This Row],[Дата на падеж]]<Payments_Add[[#This Row],[Monday]]+28,4, IF(Payments_Add[[#This Row],[Дата на падеж]]<Payments_Add[[#This Row],[Monday]]+35,5, IF(Payments_Add[[#This Row],[Дата на падеж]]<Payments_Add[[#This Row],[Monday]]+42,6, IF(Payments_Add[[#This Row],[Дата на падеж]]<Payments_Add[[#This Row],[Monday]]+49,7, IF(Payments_Add[[#This Row],[Дата на падеж]]<Payments_Add[[#This Row],[Monday]]+56,8,0)))))))) -> 4 | P12: CAPEX | Q12: Other Equipment and DMA | R12: 05.Payments Investing Activities (CAPEX)
B13: =Payments_Add[[#This Row],[BU]] -> NOUR | C13: ALPHA FORD | D13: règlement voiture traite avalisée | E13: Domestic | F13: 44470 | G13: 44645 | H13: TND | I13: PAIEMENT | J13: 13365 | K13: 4087.156 | L13: NOUR | N13: =$N$1 -> 44592 | O13: =IF(Payments_Add[[#This Row],[Дата на падеж]]<Payments_Add[[#This Row],[Monday]]+7,1, IF(Payments_Add[[#This Row],[Дата на падеж]]<Payments_Add[[#This Row],[Monday]]+14,2, IF(Payments_Add[[#This Row],[Дата на падеж]]<Payments_Add[[#This Row],[Monday]]+21,3, IF(Payments_Add[[#This Row],[Дата на падеж]]<Payments_Add[[#This Row],[Monday]]+28,4, IF(Payments_Add[[#This Row],[Дата на падеж]]<Payments_Add[[#This Row],[Monday]]+35,5, IF(Payments_Add[[#This Row],[Дата на падеж]]<Payments_Add[[#This Row],[Monday]]+42,6, IF(Payments_Add[[#This Row],[Дата на падеж]]<Payments_Add[[#This Row],[Monday]]+49,7, IF(Payments_Add[[#This Row],[Дата на падеж]]<Payments_Add[[#This Row],[Monday]]+56,8,0)))))))) -> 8 | P13: CAPEX | Q13: Other Equipment and DMA | R13: 05.Payments Investing Activities (CAPEX)
B14: =Payments_Add[[#This Row],[BU]] -> SND | C14: ALPHA FORD | D14: règlement voiture traite avalisée | E14: Domestic | F14: 44466 | G14: 44617 | H14: TND | I14: Documented | J14: 35407.35 | K14: 10827.936 | L14: SND | N14: =$N$1 -> 44592 | O14: =IF(Payments_Add[[#This Row],[Дата на падеж]]<Payments_Add[[#This Row],[Monday]]+7,1, IF(Payments_Add[[#This Row],[Дата на падеж]]<Payments_Add[[#This Row],[Monday]]+14,2, IF(Payments_Add[[#This Row],[Дата на падеж]]<Payments_Add[[#This Row],[Monday]]+21,3, IF(Payments_Add[[#This Row],[Дата на падеж]]<Payments_Add[[#This Row],[Monday]]+28,4, IF(Payments_Add[[#This Row],[Дата на падеж]]<Payments_Add[[#This Row],[Monday]]+35,5, IF(Payments_Add[[#This Row],[Дата на падеж]]<Payments_Add[[#This Row],[Monday]]+42,6, IF(Payments_Add[[#This Row],[Дата на падеж]]<Payments_Add[[#This Row],[Monday]]+49,7, IF(Payments_Add[[#This Row],[Дата на падеж]]<Payments_Add[[#This Row],[Monday]]+56,8,0)))))))) -> 4 | P14: CAPEX | Q14: Other Equipment and DMA | R14: 05.Payments Investing Activities (CAPEX)
B15: =Payments_Add[[#This Row],[BU]] -> SND | C15: ALPHA FORD | D15: règlement voiture traite avalisée | E15: Domestic | F15: 44466 | G15: 44645 | H15: TND | I15: Documented | J15: 35407.35 | K15: 10827.936 | L15: SND | N15: =$N$1 -> 44592 | O15: =IF(Payments_Add[[#This Row],[Дата на падеж]]<Payments_Add[[#This Row],[Monday]]+7,1, IF(Payments_Add[[#This Row],[Дата на падеж]]<Payments_Add[[#This Row],[Monday]]+14,2, IF(Payments_Add[[#This Row],[Дата на падеж]]<Payments_Add[[#This Row],[Monday]]+21,3, IF(Payments_Add[[#This Row],[Дата на падеж]]<Payments_Add[[#This Row],[Monday]]+28,4, IF(Payments_Add[[#This Row],[Дата на падеж]]<Payments_Add[[#This Row],[Monday]]+35,5, IF(Payments_Add[[#This Row],[Дата на падеж]]<Payments_Add[[#This Row],[Monday]]+42,6, IF(Payments_Add[[#This Row],[Дата на падеж]]<Payments_Add[[#This Row],[Monday]]+49,7, IF(Payments_Add[[#This Row],[Дата на падеж]]<Payments_Add[[#This Row],[Monday]]+56,8,0)))))))) -> 8 | P15: CAPEX | Q15: Other Equipment and DMA | R15: 05.Payments Investing Activities (CAPEX)
B16: =Payments_Add[[#This Row],[BU]] -> NOUR | C16: Boudrant | D16: PDR | E16: Other | F16: 44580 | G16: 44617 | H16: TND | I16: PAIEMENT | J16: 276.704 | K16: 84.61896 | L16: NOUR | N16: =$N$1 -> 44592 | O16: =IF(Payments_Add[[#This Row],[Дата на падеж]]<Payments_Add[[#This Row],[Monday]]+7,1, IF(Payments_Add[[#This Row],[Дата на падеж]]<Payments_Add[[#This Row],[Monday]]+14,2, IF(Payments_Add[[#This Row],[Дата на падеж]]<Payments_Add[[#This Row],[Monday]]+21,3, IF(Payments_Add[[#This Row],[Дата на падеж]]<Payments_Add[[#This Row],[Monday]]+28,4, IF(Payments_Add[[#This Row],[Дата на падеж]]<Payments_Add[[#This Row],[Monday]]+35,5, IF(Payments_Add[[#This Row],[Дата на падеж]]<Payments_Add[[#This Row],[Monday]]+42,6, IF(Payments_Add[[#This Row],[Дата на падеж]]<Payments_Add[[#This Row],[Monday]]+49,7, IF(Payments_Add[[#This Row],[Дата на падеж]]<Payments_Add[[#This Row],[Monday]]+56,8,0)))))))) -> 4 | P16: Other | Q16: Spare Parts | R16: 02.Payments Operating Activities
B17: =Payments_Add[[#This Row],[BU]] -> NOUR | C17: Boudrant | D17: PDR | E17: Other | F17: 44580 | G17: 44625 | H17: TND | I17: PAIEMENT | J17: 4141.4 | K17: 1266.4832 | L17: NOUR | N17: =$N$1 -> 44592 | O17: =IF(Payments_Add[[#This Row],[Дата на падеж]]<Payments_Add[[#This Row],[Monday]]+7,1, IF(Payments_Add[[#This Row],[Дата на падеж]]<Payments_Add[[#This Row],[Monday]]+14,2, IF(Payments_Add[[#This Row],[Дата на падеж]]<Payments_Add[[#This Row],[Monday]]+21,3, IF(Payments_Add[[#This Row],[Дата на падеж]]<Payments_Add[[#This Row],[Monday]]+28,4, IF(Payments_Add[[#This Row],[Дата на падеж]]<Payments_Add[[#This Row],[Monday]]+35,5, IF(Payments_Add[[#This Row],[Дата на падеж]]<Payments_Add[[#This Row],[Monday]]+42,6, IF(Payments_Add[[#This Row],[Дата на падеж]]<Payments_Add[[#This Row],[Monday]]+49,7, IF(Payments_Add[[#This Row],[Дата на падеж]]<Payments_Add[[#This Row],[Monday]]+56,8,0)))))))) -> 5 | P17: Other | Q17: Spare Parts | R17: 02.Payments Operating Activities
B18: =Payments_Add[[#This Row],[BU]] -> NOUR | C18: CHIMEX | D18: acide | E18: Primary Materials | F18: 44551 | G18: 44593 | H18: TND | I18: Documented | J18: 23593.235 | K18: 7215.0566 | L18: NOUR | N18: =$N$1 -> 44592 | O18: =IF(Payments_Add[[#This Row],[Дата на падеж]]<Payments_Add[[#This Row],[Monday]]+7,1, IF(Payments_Add[[#This Row],[Дата на падеж]]<Payments_Add[[#This Row],[Monday]]+14,2, IF(Payments_Add[[#This Row],[Дата на падеж]]<Payments_Add[[#This Row],[Monday]]+21,3, IF(Payments_Add[[#This Row],[Дата на падеж]]<Payments_Add[[#This Row],[Monday]]+28,4, IF(Payments_Add[[#This Row],[Дата на падеж]]<Payments_Add[[#This Row],[Monday]]+35,5, IF(Payments_Add[[#This Row],[Дата на падеж]]<Payments_Add[[#This Row],[Monday]]+42,6, IF(Payments_Add[[#This Row],[Дата на падеж]]<Payments_Add[[#This Row],[Monday]]+49,7, IF(Payments_Add[[#This Row],[Дата на падеж]]<Payments_Add[[#This Row],[Monday]]+56,8,0)))))))) -> 1 | P18: Materials | Q18: Primary Materials | R18: 02.Payments Operating Activities
B19: =Payments_Add[[#This Row],[BU]] -> NOUR | C19: CHIMEX | D19: acide | E19: Primary Materials | F19: 44561 | G19: 44600 | H19: TND | I19: Documented | J19: 24198.174 | K19: 7400.0532 | L19: NOUR | N19: =$N$1 -> 44592 | O19: =IF(Payments_Add[[#This Row],[Дата на падеж]]<Payments_Add[[#This Row],[Monday]]+7,1, IF(Payments_Add[[#This Row],[Дата на падеж]]<Payments_Add[[#This Row],[Monday]]+14,2, IF(Payments_Add[[#This Row],[Дата на падеж]]<Payments_Add[[#This Row],[Monday]]+21,3, IF(Payments_Add[[#This Row],[Дата на падеж]]<Payments_Add[[#This Row],[Monday]]+28,4, IF(Payments_Add[[#This Row],[Дата на падеж]]<Payments_Add[[#This Row],[Monday]]+35,5, IF(Payments_Add[[#This Row],[Дата на падеж]]<Payments_Add[[#This Row],[Monday]]+42,6, IF(Payments_Add[[#This Row],[Дата на падеж]]<Payments_Add[[#This Row],[Monday]]+49,7, IF(Payments_Add[[#This Row],[Дата на падеж]]<Payments_Add[[#This Row],[Monday]]+56,8,0)))))))) -> 2 | P19: Materials | Q19: Primary Materials | R19: 02.Payments Operating Activities
B20: =Payments_Add[[#This Row],[BU]] -> NOUR | C20: CHIMEX | D20: acide | E20: Primary Materials | F20: 44567 | G20: 44607 | H20: TND | I20: Documented | J20: 25408.053 | K20: 7770.0468 | L20: NOUR | N20: =$N$1 -> 44592 | O20: =IF(Payments_Add[[#This Row],[Дата на падеж]]<Payments_Add[[#This Row],[Monday]]+7,1, IF(Payments_Add[[#This Row],[Дата на падеж]]<Payments_Add[[#This Row],[Monday]]+14,2, IF(Payments_Add[[#This Row],[Дата на падеж]]<Payments_Add[[#This Row],[Monday]]+21,3, IF(Payments_Add[[#This Row],[Дата на падеж]]<Payments_Add[[#This Row],[Monday]]+28,4, IF(Payments_Add[[#This Row],[Дата на падеж]]<Payments_Add[[#This Row],[Monday]]+35,5, IF(Payments_Add[[#This Row],[Дата на падеж]]<Payments_Add[[#This Row],[Monday]]+42,6, IF(Payments_Add[[#This Row],[Дата на падеж]]<Payments_Add[[#This Row],[Monday]]+49,7, IF(Payments_Add[[#This Row],[Дата на падеж]]<Payments_Add[[#This Row],[Monday]]+56,8,0)))))))) -> 3 | P20: Materials | Q20: Primary Materials | R20: 02.Payments Operating Activities
B21: =Payments_Add[[#This Row],[BU]] -> NOUR | C21: CHIMEX | D21: acide | E21: Primary Materials | F21: 44593 | G21: 44614 | H21: TND | I21: PLANNED | J21: 20000 | K21: 6116.208 | L21: NOUR | N21: =$N$1 -> 44592 | O21: =IF(Payments_Add[[#This Row],[Дата на падеж]]<Payments_Add[[#This Row],[Monday]]+7,1, IF(Payments_Add[[#This Row],[Дата на падеж]]<Payments_Add[[#This Row],[Monday]]+14,2, IF(Payments_Add[[#This Row],[Дата на падеж]]<Payments_Add[[#This Row],[Monday]]+21,3, IF(Payments_Add[[#This Row],[Дата на падеж]]<Payments_Add[[#This Row],[Monday]]+28,4, IF(Payments_Add[[#This Row],[Дата на падеж]]<Payments_Add[[#This Row],[Monday]]+35,5, IF(Payments_Add[[#This Row],[Дата на падеж]]<Payments_Add[[#This Row],[Monday]]+42,6, IF(Payments_Add[[#This Row],[Дата на падеж]]<Payments_Add[[#This Row],[Monday]]+49,7, IF(Payments_Add[[#This Row],[Дата на падеж]]<Payments_Add[[#This Row],[Monday]]+56,8,0)))))))) -> 4 | P21: Materials | Q21: Primary Materials | R21: 02.Payments Operating Activities
B22: =Payments_Add[[#This Row],[BU]] -> NOUR | C22: CHIMEX | D22: acide | E22: Primary Materials | F22: 44600 | G22: 44621 | H22: TND | I22: PLANNED | J22: 20000 | K22: 6116.208 | L22: NOUR | N22: =$N$1 -> 44592 | O22: =IF(Payments_Add[[#This Row],[Дата на падеж]]<Payments_Add[[#This Row],[Monday]]+7,1, IF(Payments_Add[[#This Row],[Дата на падеж]]<Payments_Add[[#This Row],[Monday]]+14,2, IF(Payments_Add[[#This Row],[Дата на падеж]]<Payments_Add[[#This Row],[Monday]]+21,3, IF(Payments_Add[[#This Row],[Дата на падеж]]<Payments_Add[[#This Row],[Monday]]+28,4, IF(Payments_Add[[#This Row],[Дата на падеж]]<Payments_Add[[#This Row],[Monday]]+35,5, IF(Payments_Add[[#This Row],[Дата на падеж]]<Payments_Add[[#This Row],[Monday]]+42,6, IF(Payments_Add[[#This Row],[Дата на падеж]]<Payments_Add[[#This Row],[Monday]]+49,7, IF(Payments_Add[[#This Row],[Дата на падеж]]<Payments_Add[[#This Row],[Monday]]+56,8,0)))))))) -> 5 | P22: Materials | Q22: Primary Materials | R22: 02.Payments Operating Activities
B23: =Payments_Add[[#This Row],[BU]] -> NOUR | C23: CHIMEX | D23: acide | E23: Primary Materials | F23: 44607 | G23: 44628 | H23: TND | I23: PLANNED | J23: 20000 | K23: 6116.208 | L23: NOUR | N23: =$N$1 -> 44592 | O23: =IF(Payments_Add[[#This Row],[Дата на падеж]]<Payments_Add[[#This Row],[Monday]]+7,1, IF(Payments_Add[[#This Row],[Дата на падеж]]<Payments_Add[[#This Row],[Monday]]+14,2, IF(Payments_Add[[#This Row],[Дата на падеж]]<Payments_Add[[#This Row],[Monday]]+21,3, IF(Payments_Add[[#This Row],[Дата на падеж]]<Payments_Add[[#This Row],[Monday]]+28,4, IF(Payments_Add[[#This Row],[Дата на падеж]]<Payments_Add[[#This Row],[Monday]]+35,5, IF(Payments_Add[[#This Row],[Дата на падеж]]<Payments_Add[[#This Row],[Monday]]+42,6, IF(Payments_Add[[#This Row],[Дата на падеж]]<Payments_Add[[#This Row],[Monday]]+49,7, IF(Payments_Add[[#This Row],[Дата на падеж]]<Payments_Add[[#This Row],[Monday]]+56,8,0)))))))) -> 6 | P23: Materials | Q23: Primary Materials | R23: 02.Payments Operating Activities
... B33: =Payments_Add[[#This Row],[BU]] -> NOUR | C33: EQUIPEMENT MODERNE HARDWARE | D33: PDR | E33: Other | F33: 44565 | G33: 44645 | H33: TND | I33: PLANNED PAIEMENT | J33: 1301.782 | K33: 398.09847 | L33: NOUR | N33: =$N$1 -> 44592 | O33: =IF(Payments_Add[[#This Row],[Дата на падеж]]<Payments_Add[[#This Row],[Monday]]+7,1, IF(Payments_Add[[#This Row],[Дата на падеж]]<Payments_Add[[#This Row],[Monday]]+14,2, IF(Payments_Add[[#This Row],[Дата на падеж]]<Payments_Add[[#This Row],[Monday]]+21,3, IF(Payments_Add[[#This Row],[Дата на падеж]]<Payments_Add[[#This Row],[Monday]]+28,4, IF(Payments_Add[[#This Row],[Дата на падеж]]<Payments_Add[[#This Row],[Monday]]+35,5, IF(Payments_Add[[#This Row],[Дата на падеж]]<Payments_Add[[#This Row],[Monday]]+42,6, IF(Payments_Add[[#This Row],[Дата на падеж]]<Payments_Add[[#This Row],[Monday]]+49,7, IF(Payments_Add[[#This Row],[Дата на падеж]]<Payments_Add[[#This Row],[Monday]]+56,8,0)))))))) -> 8 | P33: Other | Q33: Spare Parts | R33: 02.Payments Operating Activities
B34: =Payments_Add[[#This Row],[BU]] -> NOUR | C34: Ets LAOUANI | D34: Travaux d'entretien | F34: 44565 | G34: 44612 | H34: TND | I34: PLANNED PAIEMENT | J34: 581.99 | K34: 177.97859 | L34: NOUR | N34: =$N$1 -> 44592 | O34: =IF(Payments_Add[[#This Row],[Дата на падеж]]<Payments_Add[[#This Row],[Monday]]+7,1, IF(Payments_Add[[#This Row],[Дата на падеж]]<Payments_Add[[#This Row],[Monday]]+14,2, IF(Payments_Add[[#This Row],[Дата на падеж]]<Payments_Add[[#This Row],[Monday]]+21,3, IF(Payments_Add[[#This Row],[Дата на падеж]]<Payments_Add[[#This Row],[Monday]]+28,4, IF(Payments_Add[[#This Row],[Дата на падеж]]<Payments_Add[[#This Row],[Monday]]+35,5, IF(Payments_Add[[#This Row],[Дата на падеж]]<Payments_Add[[#This Row],[Monday]]+42,6, IF(Payments_Add[[#This Row],[Дата на падеж]]<Payments_Add[[#This Row],[Monday]]+49,7, IF(Payments_Add[[#This Row],[Дата на падеж]]<Payments_Add[[#This Row],[Monday]]+56,8,0)))))))) -> 3 | P34: Services | Q34: Services | R34: 02.Payments Operating Activities
B35: =Payments_Add[[#This Row],[BU]] -> NOUR | C35: FBI | D35: fourniture de bureau | F35: 44572 | G35: 44602 | H35: TND | I35: PAIEMENT | J35: 193.2 | K35: 59.082569 | L35: NOUR | N35: =$N$1 -> 44592 | O35: =IF(Payments_Add[[#This Row],[Дата на падеж]]<Payments_Add[[#This Row],[Monday]]+7,1, IF(Payments_Add[[#This Row],[Дата на падеж]]<Payments_Add[[#This Row],[Monday]]+14,2, IF(Payments_Add[[#This Row],[Дата на падеж]]<Payments_Add[[#This Row],[Monday]]+21,3, IF(Payments_Add[[#This Row],[Дата на падеж]]<Payments_Add[[#This Row],[Monday]]+28,4, IF(Payments_Add[[#This Row],[Дата на падеж]]<Payments_Add[[#This Row],[Monday]]+35,5, IF(Payments_Add[[#This Row],[Дата на падеж]]<Payments_Add[[#This Row],[Monday]]+42,6, IF(Payments_Add[[#This Row],[Дата на падеж]]<Payments_Add[[#This Row],[Monday]]+49,7, IF(Payments_Add[[#This Row],[Дата на падеж]]<Payments_Add[[#This Row],[Monday]]+56,8,0)))))))) -> 2 | P35: Other | Q35: Other | R35: 02.Payments Operating Activities
B36: =Payments_Add[[#This Row],[BU]] -> NOUR | C36: FBI | D36: fourniture de bureau | F36: 44565 | G36: 44607 | H36: TND | I36: PLANNED PAIEMENT | J36: 1474.828 | K36: 451.01774 | L36: NOUR | N36: =$N$1 -> 44592 | O36: =IF(Payments_Add[[#This Row],[Дата на падеж]]<Payments_Add[[#This Row],[Monday]]+7,1, IF(Payments_Add[[#This Row],[Дата на падеж]]<Payments_Add[[#This Row],[Monday]]+14,2, IF(Payments_Add[[#This Row],[Дата на падеж]]<Payments_Add[[#This Row],[Monday]]+21,3, IF(Payments_Add[[#This Row],[Дата на падеж]]<Payments_Add[[#This Row],[Monday]]+28,4, IF(Payments_Add[[#This Row],[Дата на падеж]]<Payments_Add[[#This Row],[Monday]]+35,5, IF(Payments_Add[[#This Row],[Дата на падеж]]<Payments_Add[[#This Row],[Monday]]+42,6, IF(Payments_Add[[#This Row],[Дата на падеж]]<Payments_Add[[#This Row],[Monday]]+49,7, IF(Payments_Add[[#This Row],[Дата на падеж]]<Payments_Add[[#This Row],[Monday]]+56,8,0)))))))) -> 3 | P36: Other | Q36: Other | R36: 02.Payments Operating Activities
B37: =Payments_Add[[#This Row],[BU]] -> NOUR | C37: FBI | D37: fourniture de bureau | F37: 44574 | G37: 44630 | H37: TND | I37: PLANNED PAIEMENT | J37: 1178.418 | K37: 360.37248 | L37: NOUR | N37: =$N$1 -> 44592 | O37: =IF(Payments_Add[[#This Row],[Дата на падеж]]<Payments_Add[[#This Row],[Monday]]+7,1, IF(Payments_Add[[#This Row],[Дата на падеж]]<Payments_Add[[#This Row],[Monday]]+14,2, IF(Payments_Add[[#This Row],[Дата на падеж]]<Payments_Add[[#This Row],[Monday]]+21,3, IF(Payments_Add[[#This Row],[Дата на падеж]]<Payments_Add[[#This Row],[Monday]]+28,4, IF(Payments_Add[[#This Row],[Дата на падеж]]<Payments_Add[[#This Row],[Monday]]+35,5, IF(Payments_Add[[#This Row],[Дата на падеж]]<Payments_Add[[#This Row],[Monday]]+42,6, IF(Payments_Add[[#This Row],[Дата на падеж]]<Payments_Add[[#This Row],[Monday]]+49,7, IF(Payments_Add[[#This Row],[Дата на падеж]]<Payments_Add[[#This Row],[Monday]]+56,8,0)))))))) -> 6 | P37: Other | Q37: Other | R37: 02.Payments Operating Activities
B38: =Payments_Add[[#This Row],[BU]] -> NOUR | C38: GENERAL INCENDIE | D38: matériel de sécurité | E38: matériel de sécurité | F38: 44496 | G38: 44597 | H38: TND | I38: PAIEMENT | J38: 375.45 | K38: 114.81651 | L38: NOUR | N38: =$N$1 -> 44592 | O38: =IF(Payments_Add[[#This Row],[Дата на падеж]]<Payments_Add[[#This Row],[Monday]]+7,1, IF(Payments_Add[[#This Row],[Дата на падеж]]<Payments_Add[[#This Row],[Monday]]+14,2, IF(Payments_Add[[#This Row],[Дата на падеж]]<Payments_Add[[#This Row],[Monday]]+21,3, IF(Payments_Add[[#This Row],[Дата на падеж]]<Payments_Add[[#This Row],[Monday]]+28,4, IF(Payments_Add[[#This Row],[Дата на падеж]]<Payments_Add[[#This Row],[Monday]]+35,5, IF(Payments_Add[[#This Row],[Дата на падеж]]<Payments_Add[[#This Row],[Monday]]+42,6, IF(Payments_Add[[#This Row],[Дата на падеж]]<Payments_Add[[#This Row],[Monday]]+49,7, IF(Payments_Add[[#This Row],[Дата на падеж]]<Payments_Add[[#This Row],[Monday]]+56,8,0)))))))) -> 1 | P38: Other | Q38: Other | R38: 02.Payments Operating Activities
B39: =Payments_Add[[#This Row],[BU]] -> NOUR | C39: GENERAL INCENDIE | D39: matériel de sécurité | E39: matériel de sécurité | F39: 44532 | G39: 44597 | H39: TND | I39: PAIEMENT | J39: 3301.637 | K39: 1009.6749 | L39: NOUR | N39: =$N$1 -> 44592 | O39: =IF(Payments_Add[[#This Row],[Дата на падеж]]<Payments_Add[[#This Row],[Monday]]+7,1, IF(Payments_Add[[#This Row],[Дата на падеж]]<Payments_Add[[#This Row],[Monday]]+14,2, IF(Payments_Add[[#This Row],[Дата на падеж]]<Payments_Add[[#This Row],[Monday]]+21,3, IF(Payments_Add[[#This Row],[Дата на падеж]]<Payments_Add[[#This Row],[Monday]]+28,4, IF(Payments_Add[[#This Row],[Дата на падеж]]<Payments_Add[[#This Row],[Monday]]+35,5, IF(Payments_Add[[#This Row],[Дата на падеж]]<Payments_Add[[#This Row],[Monday]]+42,6, IF(Payments_Add[[#This Row],[Дата на падеж]]<Payments_Add[[#This Row],[Monday]]+49,7, IF(Payments_Add[[#This Row],[Дата на падеж]]<Payments_Add[[#This Row],[Monday]]+56,8,0)))))))) -> 1 | P39: Other | Q39: Other | R39: 02.Payments Operating Activities
B40: =Payments_Add[[#This Row],[BU]] -> NOUR | C40: GENERAL INCENDIE | D40: matériel de sécurité | E40: matériel de sécurité | F40: 44532 | G40: 44617 | H40: TND | I40: PAIEMENT | J40: 3235.068 | K40: 989.31743 | L40: NOUR | N40: =$N$1 -> 44592 | O40: =IF(Payments_Add[[#This Row],[Дата на падеж]]<Payments_Add[[#This Row],[Monday]]+7,1, IF(Payments_Add[[#This Row],[Дата на падеж]]<Payments_Add[[#This Row],[Monday]]+14,2, IF(Payments_Add[[#This Row],[Дата на падеж]]<Payments_Add[[#This Row],[Monday]]+21,3, IF(Payments_Add[[#This Row],[Дата на падеж]]<Payments_Add[[#This Row],[Monday]]+28,4, IF(Payments_Add[[#This Row],[Дата на падеж]]<Payments_Add[[#This Row],[Monday]]+35,5, IF(Payments_Add[[#This Row],[Дата на падеж]]<Payments_Add[[#This Row],[Monday]]+42,6, IF(Payments_Add[[#This Row],[Дата на падеж]]<Payments_Add[[#This Row],[Monday]]+49,7, IF(Payments_Add[[#This Row],[Дата на падеж]]<Payments_Add[[#This Row],[Monday]]+56,8,0)))))))) -> 4 | P40: Other | Q40: Other | R40: 02.Payments Operating Activities
B41: =Payments_Add[[#This Row],[BU]] -> NOUR | C41: GENERAL INCENDIE | D41: matériel de sécurité | E41: matériel de sécurité | F41: 44532 | G41: 44629 | H41: TND | I41: PAIEMENT | J41: 2238.984 | K41: 684.70459 | L41: NOUR | N41: =$N$1 -> 44592 | O41: =IF(Payments_Add[[#This Row],[Дата на падеж]]<Payments_Add[[#This Row],[Monday]]+7,1, IF(Payments_Add[[#This Row],[Дата на падеж]]<Payments_Add[[#This Row],[Monday]]+14,2, IF(Payments_Add[[#This Row],[Дата на падеж]]<Payments_Add[[#This Row],[Monday]]+21,3, IF(Payments_Add[[#This Row],[Дата на падеж]]<Payments_Add[[#This Row],[Monday]]+28,4, IF(Payments_Add[[#This Row],[Дата на падеж]]<Payments_Add[[#This Row],[Monday]]+35,5, IF(Payments_Add[[#This Row],[Дата на падеж]]<Payments_Add[[#This Row],[Monday]]+42,6, IF(Payments_Add[[#This Row],[Дата на падеж]]<Payments_Add[[#This Row],[Monday]]+49,7, IF(Payments_Add[[#This Row],[Дата на падеж]]<Payments_Add[[#This Row],[Monday]]+56,8,0)))))))) -> 6 | P41: Other | Q41: Other | R41: 02.Payments Operating Activities
B42: =Payments_Add[[#This Row],[BU]] -> NOUR | C42: GENERAL INCENDIE | D42: matériel de sécurité | E42: matériel de sécurité | F42: 44532 | G42: 44635 | H42: TND | I42: PAIEMENT | J42: 1044.391 | K42: 319.38563 | L42: NOUR | N42: =$N$1 -> 44592 | O42: =IF(Payments_Add[[#This Row],[Дата на падеж]]<Payments_Add[[#This Row],[Monday]]+7,1, IF(Payments_Add[[#This Row],[Дата на падеж]]<Payments_Add[[#This Row],[Monday]]+14,2, IF(Payments_Add[[#This Row],[Дата на падеж]]<Payments_Add[[#This Row],[Monday]]+21,3, IF(Payments_Add[[#This Row],[Дата на падеж]]<Payments_Add[[#This Row],[Monday]]+28,4, IF(Payments_Add[[#This Row],[Дата на падеж]]<Payments_Add[[#This Row],[Monday]]+35,5, IF(Payments_Add[[#This Row],[Дата на падеж]]<Payments_Add[[#This Row],[Monday]]+42,6, IF(Payments_Add[[#This Row],[Дата на падеж]]<Payments_Add[[#This Row],[Monday]]+49,7, IF(Payments_Add[[#This Row],[Дата на падеж]]<Payments_Add[[#This Row],[Monday]]+56,8,0)))))))) -> 7 | P42: Other | Q42: Other | R42: 02.Payments Operating Activities
B43: =Payments_Add[[#This Row],[BU]] -> NOUR | C43: GENERAL INCENDIE | D43: matériel de sécurité | E43: matériel de sécurité | F43: 44536 | G43: 44645 | H43: TND | I43: PLANNED PAIEMENT | J43: 2019.274 | K43: 617.51498 | L43: NOUR | N43: =$N$1 -> 44592 | O43: =IF(Payments_Add[[#This Row],[Дата на падеж]]<Payments_Add[[#This Row],[Monday]]+7,1, IF(Payments_Add[[#This Row],[Дата на падеж]]<Payments_Add[[#This Row],[Monday]]+14,2, IF(Payments_Add[[#This Row],[Дата на падеж]]<Payments_Add[[#This Row],[Monday]]+21,3, IF(Payments_Add[[#This Row],[Дата на падеж]]<Payments_Add[[#This Row],[Monday]]+28,4, IF(Payments_Add[[#This Row],[Дата на падеж]]<Payments_Add[[#This Row],[Monday]]+35,5, IF(Payments_Add[[#This Row],[Дата на падеж]]<Payments_Add[[#This Row],[Monday]]+42,6, IF(Payments_Add[[#This Row],[Дата на падеж]]<Payments_Add[[#This Row],[Monday]]+49,7, IF(Payments_Add[[#This Row],[Дата на падеж]]<Payments_Add[[#This Row],[Monday]]+56,8,0)))))))) -> 8 | P43: Other | Q43: Other | R43: 02.Payments Operating Activities
B44: =Payments_Add[[#This Row],[BU]] -> SND | C44: GLOBAL NET | D44: internet | F44: 44576 | G44: 44597 | H44: TND | I44: Documented | J44: 3445.673 | K44: 1053.7226 | L44: SND | N44: =$N$1 -> 44592 | O44: =IF(Payments_Add[[#This Row],[Дата на падеж]]<Payments_Add[[#This Row],[Monday]]+7,1, IF(Payments_Add[[#This Row],[Дата на падеж]]<Payments_Add[[#This Row],[Monday]]+14,2, IF(Payments_Add[[#This Row],[Дата на падеж]]<Payments_Add[[#This Row],[Monday]]+21,3, IF(Payments_Add[[#This Row],[Дата на падеж]]<Payments_Add[[#This Row],[Monday]]+28,4, IF(Payments_Add[[#This Row],[Дата на падеж]]<Payments_Add[[#This Row],[Monday]]+35,5, IF(Payments_Add[[#This Row],[Дата на падеж]]<Payments_Add[[#This Row],[Monday]]+42,6, IF(Payments_Add[[#This Row],[Дата на падеж]]<Payments_Add[[#This Row],[Monday]]+49,7, IF(Payments_Add[[#This Row],[Дата на падеж]]<Payments_Add[[#This Row],[Monday]]+56,8,0)))))))) -> 1 | P44: Services | Q44: Services | R44: 02.Payments Operating Activities
B45: =Payments_Add[[#This Row],[BU]] -> NOUR | C45: GLOBAL NET | D45: internet | F45: 44576 | G45: 44597 | H45: TND | I45: Documented | J45: 3809.843 | K45: 1165.0896 | L45: NOUR | N45: =$N$1 -> 44592 | O45: =IF(Payments_Add[[#This Row],[Дата на падеж]]<Payments_Add[[#This Row],[Monday]]+7,1, IF(Payments_Add[[#This Row],[Дата на падеж]]<Payments_Add[[#This Row],[Monday]]+14,2, IF(Payments_Add[[#This Row],[Дата на падеж]]<Payments_Add[[#This Row],[Monday]]+21,3, IF(Payments_Add[[#This Row],[Дата на падеж]]<Payments_Add[[#This Row],[Monday]]+28,4, IF(Payments_Add[[#This Row],[Дата на падеж]]<Payments_Add[[#This Row],[Monday]]+35,5, IF(Payments_Add[[#This Row],[Дата на падеж]]<Payments_Add[[#This Row],[Monday]]+42,6, IF(Payments_Add[[#This Row],[Дата на падеж]]<Payments_Add[[#This Row],[Monday]]+49,7, IF(Payments_Add[[#This Row],[Дата на падеж]]<Payments_Add[[#This Row],[Monday]]+56,8,0)))))))) -> 1 | P45: Services | Q45: Services | R45: 02.Payments Operating Activities
B46: =Payments_Add[[#This Row],[BU]] -> NOUR | C46: GROUPMENT MEDECIN DE TRAVAIL | D46: honoraires medecin | F46: 44574 | G46: 44574 | H46: TND | I46: Documented | J46: 4766.38 | K46: 1457.6086 | L46: NOUR | N46: =$N$1 -> 44592 | O46: =IF(Payments_Add[[#This Row],[Дата на падеж]]<Payments_Add[[#This Row],[Monday]]+7,1, IF(Payments_Add[[#This Row],[Дата на падеж]]<Payments_Add[[#This Row],[Monday]]+14,2, IF(Payments_Add[[#This Row],[Дата на падеж]]<Payments_Add[[#This Row],[Monday]]+21,3, IF(Payments_Add[[#This Row],[Дата на падеж]]<Payments_Add[[#This Row],[Monday]]+28,4, IF(Payments_Add[[#This Row],[Дата на падеж]]<Payments_Add[[#This Row],[Monday]]+35,5, IF(Payments_Add[[#This Row],[Дата на падеж]]<Payments_Add[[#This Row],[Monday]]+42,6, IF(Payments_Add[[#This Row],[Дата на падеж]]<Payments_Add[[#This Row],[Monday]]+49,7, IF(Payments_Add[[#This Row],[Дата на падеж]]<Payments_Add[[#This Row],[Monday]]+56,8,0)))))))) -> 1 | P46: Services | Q46: Services | R46: 02.Payments Operating Activities
B47: =Payments_Add[[#This Row],[BU]] -> NOUR | C47: HYDRO WATER | D47: sel adoucisseur | E47: station de traitement de eaux | F47: 44579 | G47: 44635 | H47: TND | I47: PAIEMENT | J47: 2309.67 | K47: 706.3211 | L47: NOUR | N47: =$N$1 -> 44592 | O47: =IF(Payments_Add[[#This Row],[Дата на падеж]]<Payments_Add[[#This Row],[Monday]]+7,1, IF(Payments_Add[[#This Row],[Дата на падеж]]<Payments_Add[[#This Row],[Monday]]+14,2, IF(Payments_Add[[#This Row],[Дата на падеж]]<Payments_Add[[#This Row],[Monday]]+21,3, IF(Payments_Add[[#This Row],[Дата на падеж]]<Payments_Add[[#This Row],[Monday]]+28,4, IF(Payments_Add[[#This Row],[Дата на падеж]]<Payments_Add[[#This Row],[Monday]]+35,5, IF(Payments_Add[[#This Row],[Дата на падеж]]<Payments_Add[[#This Row],[Monday]]+42,6, IF(Payments_Add[[#This Row],[Дата на падеж]]<Payments_Add[[#This Row],[Monday]]+49,7, IF(Payments_Add[[#This Row],[Дата на падеж]]<Payments_Add[[#This Row],[Monday]]+56,8,0)))))))) -> 7 | P47: Other | Q47: Other | R47: 02.Payments Operating Activities
B48: =Payments_Add[[#This Row],[BU]] -> NOUR | C48: IMEC INTERNATIONAL | D48: Travaux entretien four | E48: services | F48: 44574 | G48: 44586 | H48: TND | I48: PLANNED PAIEMENT | J48: 916.9 | K48: 280.39755 | L48: NOUR | N48: =$N$1 -> 44592 | O48: =IF(Payments_Add[[#This Row],[Дата на падеж]]<Payments_Add[[#This Row],[Monday]]+7,1, IF(Payments_Add[[#This Row],[Дата на падеж]]<Payments_Add[[#This Row],[Monday]]+14,2, IF(Payments_Add[[#This Row],[Дата на падеж]]<Payments_Add[[#This Row],[Monday]]+21,3, IF(Payments_Add[[#This Row],[Дата на падеж]]<Payments_Add[[#This Row],[Monday]]+28,4, IF(Payments_Add[[#This Row],[Дата на падеж]]<Payments_Add[[#This Row],[Monday]]+35,5, IF(Payments_Add[[#This Row],[Дата на падеж]]<Payments_Add[[#This Row],[Monday]]+42,6, IF(Payments_Add[[#This Row],[Дата на падеж]]<Payments_Add[[#This Row],[Monday]]+49,7, IF(Payments_Add[[#This Row],[Дата на падеж]]<Payments_Add[[#This Row],[Monday]]+56,8,0)))))))) -> 1 | P48: Services | Q48: Services | R48: 02.Payments Operating Activities
B49: =Payments_Add[[#This Row],[BU]] -> NOUR | C49: LIN | D49: PDR | F49: 44544 | G49: 44602 | H49: TND | I49: PLANNED PAIEMENT | J49: 451.313 | K49: 138.01621 | L49: NOUR | N49: =$N$1 -> 44592 | O49: =IF(Payments_Add[[#This Row],[Дата на падеж]]<Payments_Add[[#This Row],[Monday]]+7,1, IF(Payments_Add[[#This Row],[Дата на падеж]]<Payments_Add[[#This Row],[Monday]]+14,2, IF(Payments_Add[[#This Row],[Дата на падеж]]<Payments_Add[[#This Row],[Monday]]+21,3, IF(Payments_Add[[#This Row],[Дата на падеж]]<Payments_Add[[#This Row],[Monday]]+28,4, IF(Payments_Add[[#This Row],[Дата на падеж]]<Payments_Add[[#This Row],[Monday]]+35,5, IF(Payments_Add[[#This Row],[Дата на падеж]]<Payments_Add[[#This Row],[Monday]]+42,6, IF(Payments_Add[[#This Row],[Дата на падеж]]<Payments_Add[[#This Row],[Monday]]+49,7, IF(Payments_Add[[#This Row],[Дата на падеж]]<Payments_Add[[#This Row],[Monday]]+56,8,0)))))))) -> 2 | P49: Other | Q49: Spare Parts | R49: 02.Payments Operating Activities
B50: =Payments_Add[[#This Row],[BU]] -> NOUR | C50: LYS IMPRESSION | D50: etiquettes | E50: materiel secondaire | F50: 44545 | G50: 44607 | H50: TND | I50: PAIEMENT | J50: 16458.434 | K50: 5033.1602 | L50: NOUR | N50: =$N$1 -> 44592 | O50: =IF(Payments_Add[[#This Row],[Дата на падеж]]<Payments_Add[[#This Row],[Monday]]+7,1, IF(Payments_Add[[#This Row],[Дата на падеж]]<Payments_Add[[#This Row],[Monday]]+14,2, IF(Payments_Add[[#This Row],[Дата на падеж]]<Payments_Add[[#This Row],[Monday]]+21,3, IF(Payments_Add[[#This Row],[Дата на падеж]]<Payments_Add[[#This Row],[Monday]]+28,4, IF(Payments_Add[[#This Row],[Дата на падеж]]<Payments_Add[[#This Row],[Monday]]+35,5, IF(Payments_Add[[#This Row],[Дата на падеж]]<Payments_Add[[#This Row],[Monday]]+42,6, IF(Payments_Add[[#This Row],[Дата на падеж]]<Payments_Add[[#This Row],[Monday]]+49,7, IF(Payments_Add[[#This Row],[Дата на падеж]]<Payments_Add[[#This Row],[Monday]]+56,8,0)))))))) -> 3 | P50: Materials | Q50: Secondary Materials | R50: 02.Payments Operating Activities
B51: =Payments_Add[[#This Row],[BU]] -> NOUR | C51: LYS IMPRESSION | D51: etiquettes | E51: materiel secondaire | F51: 44517 | G51: 44625 | H51: TND | I51: PAIEMENT | J51: 17633.442 | K51: 5392.4899 | L51: NOUR | N51: =$N$1 -> 44592 | O51: =IF(Payments_Add[[#This Row],[Дата на падеж]]<Payments_Add[[#This Row],[Monday]]+7,1, IF(Payments_Add[[#This Row],[Дата на падеж]]<Payments_Add[[#This Row],[Monday]]+14,2, IF(Payments_Add[[#This Row],[Дата на падеж]]<Payments_Add[[#This Row],[Monday]]+21,3, IF(Payments_Add[[#This Row],[Дата на падеж]]<Payments_Add[[#This Row],[Monday]]+28,4, IF(Payments_Add[[#This Row],[Дата на падеж]]<Payments_Add[[#This Row],[Monday]]+35,5, IF(Payments_Add[[#This Row],[Дата на падеж]]<Payments_Add[[#This Row],[Monday]]+42,6, IF(Payments_Add[[#This Row],[Дата на падеж]]<Payments_Add[[#This Row],[Monday]]+49,7, IF(Payments_Add[[#This Row],[Дата на падеж]]<Payments_Add[[#This Row],[Monday]]+56,8,0)))))))) -> 5 | P51: Materials | Q51: Secondary Materials | R51: 02.Payments Operating Activities
B52: =Payments_Add[[#This Row],[BU]] -> NOUR | C52: LYS IMPRESSION | D52: etiquettes | E52: materiel secondaire | F52: 44532 | G52: 44625 | H52: TND | I52: PAIEMENT | J52: 1183.337 | K52: 361.87676 | L52: NOUR | N52: =$N$1 -> 44592 | O52: =IF(Payments_Add[[#This Row],[Дата на падеж]]<Payments_Add[[#This Row],[Monday]]+7,1, IF(Payments_Add[[#This Row],[Дата на падеж]]<Payments_Add[[#This Row],[Monday]]+14,2, IF(Payments_Add[[#This Row],[Дата на падеж]]<Payments_Add[[#This Row],[Monday]]+21,3, IF(Payments_Add[[#This Row],[Дата на падеж]]<Payments_Add[[#This Row],[Monday]]+28,4, IF(Payments_Add[[#This Row],[Дата на падеж]]<Payments_Add[[#This Row],[Monday]]+35,5, IF(Payments_Add[[#This Row],[Дата на падеж]]<Payments_Add[[#This Row],[Monday]]+42,6, IF(Payments_Add[[#This Row],[Дата на падеж]]<Payments_Add[[#This Row],[Monday]]+49,7, IF(Payments_Add[[#This Row],[Дата на падеж]]<Payments_Add[[#This Row],[Monday]]+56,8,0)))))))) -> 5 | P52: Materials | Q52: Secondary Materials | R52: 02.Payments Operating Activities
B53: =Payments_Add[[#This Row],[BU]] -> NOUR | C53: LYS IMPRESSION | D53: etiquettes | E53: materiel secondaire | F53: 44517 | G53: 44630 | H53: TND | I53: PAIEMENT | J53: 12712.57 | K53: 3887.6361 | L53: NOUR | N53: =$N$1 -> 44592 | O53: =IF(Payments_Add[[#This Row],[Дата на падеж]]<Payments_Add[[#This Row],[Monday]]+7,1, IF(Payments_Add[[#This Row],[Дата на падеж]]<Payments_Add[[#This Row],[Monday]]+14,2, IF(Payments_Add[[#This Row],[Дата на падеж]]<Payments_Add[[#This Row],[Monday]]+21,3, IF(Payments_Add[[#This Row],[Дата на падеж]]<Payments_Add[[#This Row],[Monday]]+28,4, IF(Payments_Add[[#This Row],[Дата на падеж]]<Payments_Add[[#This Row],[Monday]]+35,5, IF(Payments_Add[[#This Row],[Дата на падеж]]<Payments_Add[[#This Row],[Monday]]+42,6, IF(Payments_Add[[#This Row],[Дата на падеж]]<Payments_Add[[#This Row],[Monday]]+49,7, IF(Payments_Add[[#This Row],[Дата на падеж]]<Payments_Add[[#This Row],[Monday]]+56,8,0)))))))) -> 6 | P53: Materials | Q53: Secondary Materials | R53: 02.Payments Operating Activities
B54: =Payments_Add[[#This Row],[BU]] -> NOUR | C54: LYS IMPRESSION | D54: etiquettes | E54: materiel secondaire | F54: 44552 | G54: 44640 | H54: TND | I54: PAIEMENT | J54: 14301.654 | K54: 4373.5945 | L54: NOUR | N54: =$N$1 -> 44592 | O54: =IF(Payments_Add[[#This Row],[Дата на падеж]]<Payments_Add[[#This Row],[Monday]]+7,1, IF(Payments_Add[[#This Row],[Дата на падеж]]<Payments_Add[[#This Row],[Monday]]+14,2, IF(Payments_Add[[#This Row],[Дата на падеж]]<Payments_Add[[#This Row],[Monday]]+21,3, IF(Payments_Add[[#This Row],[Дата на падеж]]<Payments_Add[[#This Row],[Monday]]+28,4, IF(Payments_Add[[#This Row],[Дата на падеж]]<Payments_Add[[#This Row],[Monday]]+35,5, IF(Payments_Add[[#This Row],[Дата на падеж]]<Payments_Add[[#This Row],[Monday]]+42,6, IF(Payments_Add[[#This Row],[Дата на падеж]]<Payments_Add[[#This Row],[Monday]]+49,7, IF(Payments_Add[[#This Row],[Дата на падеж]]<Payments_Add[[#This Row],[Monday]]+56,8,0)))))))) -> 7 | P54: Materials | Q54: Secondary Materials | R54: 02.Payments Operating Activities
B55: =Payments_Add[[#This Row],[BU]] -> NOUR | C55: MAGHREBIA | D55: Assurance transport | E55: Services | F55: 44593 | G55: 44620 | H55: TND | I55: PLANNED | J55: 4900 | K55: 1498.4709 | L55: NOUR | N55: =$N$1 -> 44592 | O55: =IF(Payments_Add[[#This Row],[Дата на падеж]]<Payments_Add[[#This Row],[Monday]]+7,1, IF(Payments_Add[[#This Row],[Дата на падеж]]<Payments_Add[[#This Row],[Monday]]+14,2, IF(Payments_Add[[#This Row],[Дата на падеж]]<Payments_Add[[#This Row],[Monday]]+21,3, IF(Payments_Add[[#This Row],[Дата на падеж]]<Payments_Add[[#This Row],[Monday]]+28,4, IF(Payments_Add[[#This Row],[Дата на падеж]]<Payments_Add[[#This Row],[Monday]]+35,5, IF(Payments_Add[[#This Row],[Дата на падеж]]<Payments_Add[[#This Row],[Monday]]+42,6, IF(Payments_Add[[#This Row],[Дата на падеж]]<Payments_Add[[#This Row],[Monday]]+49,7, IF(Payments_Add[[#This Row],[Дата на падеж]]<Payments_Add[[#This Row],[Monday]]+56,8,0)))))))) -> 5 | P55: Services | Q55: Services | R55: 02.Payments Operating Activities
B56: =Payments_Add[[#This Row],[BU]] -> SND | C56: MAGHREBIA | D56: Assurance transport | E56: Services | F56: 44593 | G56: 44620 | H56: TND | I56: PLANNED | J56: 11000 | K56: 3363.9144 | L56: SND | N56: =$N$1 -> 44592 | O56: =IF(Payments_Add[[#This Row],[Дата на падеж]]<Payments_Add[[#This Row],[Monday]]+7,1, IF(Payments_Add[[#This Row],[Дата на падеж]]<Payments_Add[[#This Row],[Monday]]+14,2, IF(Payments_Add[[#This Row],[Дата на падеж]]<Payments_Add[[#This Row],[Monday]]+21,3, IF(Payments_Add[[#This Row],[Дата на падеж]]<Payments_Add[[#This Row],[Monday]]+28,4, IF(Payments_Add[[#This Row],[Дата на падеж]]<Payments_Add[[#This Row],[Monday]]+35,5, IF(Payments_Add[[#This Row],[Дата на падеж]]<Payments_Add[[#This Row],[Monday]]+42,6, IF(Payments_Add[[#This Row],[Дата на падеж]]<Payments_Add[[#This Row],[Monday]]+49,7, IF(Payments_Add[[#This Row],[Дата на падеж]]<Payments_Add[[#This Row],[Monday]]+56,8,0)))))))) -> 5 | P56: Services | Q56: Services | R56: 02.Payments Operating Activities
B57: =Payments_Add[[#This Row],[BU]] -> TIP | C57: MAGHREBIA | D57: Assurance transport | E57: Services | F57: 44593 | G57: 44620 | H57: TND | I57: PLANNED | J57: 900 | K57: 275.22936 | L57: TIP | N57: =$N$1 -> 44592 | O57: =IF(Payments_Add[[#This Row],[Дата на падеж]]<Payments_Add[[#This Row],[Monday]]+7,1, IF(Payments_Add[[#This Row],[Дата на падеж]]<Payments_Add[[#This Row],[Monday]]+14,2, IF(Payments_Add[[#This Row],[Дата на падеж]]<Payments_Add[[#This Row],[Monday]]+21,3, IF(Payments_Add[[#This Row],[Дата на падеж]]<Payments_Add[[#This Row],[Monday]]+28,4, IF(Payments_Add[[#This Row],[Дата на падеж]]<Payments_Add[[#This Row],[Monday]]+35,5, IF(Payments_Add[[#This Row],[Дата на падеж]]<Payments_Add[[#This Row],[Monday]]+42,6, IF(Payments_Add[[#This Row],[Дата на падеж]]<Payments_Add[[#This Row],[Monday]]+49,7, IF(Payments_Add[[#This Row],[Дата на падеж]]<Payments_Add[[#This Row],[Monday]]+56,8,0)))))))) -> 5 | P57: Services | Q57: Services | R57: 02.Payments Operating Activities
B58: =Payments_Add[[#This Row],[BU]] -> NOUR | C58: METACONCEPT | D58: achat additifs | E58: Primary Materials | F58: 44588 | G58: 44618 | H58: EUR | I58: Planned | J58: 50465.452 | K58: 15432.86 | L58: NOUR | N58: =$N$1 -> 44592 | O58: =IF(Payments_Add[[#This Row],[Дата на падеж]]<Payments_Add[[#This Row],[Monday]]+7,1, IF(Payments_Add[[#This Row],[Дата на падеж]]<Payments_Add[[#This Row],[Monday]]+14,2, IF(Payments_Add[[#This Row],[Дата на падеж]]<Payments_Add[[#This Row],[Monday]]+21,3, IF(Payments_Add[[#This Row],[Дата на падеж]]<Payments_Add[[#This Row],[Monday]]+28,4, IF(Payments_Add[[#This Row],[Дата на падеж]]<Payments_Add[[#This Row],[Monday]]+35,5, IF(Payments_Add[[#This Row],[Дата на падеж]]<Payments_Add[[#This Row],[Monday]]+42,6, IF(Payments_Add[[#This Row],[Дата на падеж]]<Payments_Add[[#This Row],[Monday]]+49,7, IF(Payments_Add[[#This Row],[Дата на падеж]]<Payments_Add[[#This Row],[Monday]]+56,8,0)))))))) -> 4 | P58: Materials | Q58: Reagents | R58: 02.Payments Operating Activities
B59: =Payments_Add[[#This Row],[BU]] -> NOUR | C59: MHC METALS | D59: pb d'œuvre | E59: Lead and lead alloys | F59: 44620 | G59: 44620 | H59: TND | I59: PLANNED | J59: 297500 | K59: 90978.593 | L59: NOUR | N59: =$N$1 -> 44592 | O59: =IF(Payments_Add[[#This Row],[Дата на падеж]]<Payments_Add[[#This Row],[Monday]]+7,1, IF(Payments_Add[[#This Row],[Дата на падеж]]<Payments_Add[[#This Row],[Monday]]+14,2, IF(Payments_Add[[#This Row],[Дата на падеж]]<Payments_Add[[#This Row],[Monday]]+21,3, IF(Payments_Add[[#This Row],[Дата на падеж]]<Payments_Add[[#This Row],[Monday]]+28,4, IF(Payments_Add[[#This Row],[Дата на падеж]]<Payments_Add[[#This Row],[Monday]]+35,5, IF(Payments_Add[[#This Row],[Дата на падеж]]<Payments_Add[[#This Row],[Monday]]+42,6, IF(Payments_Add[[#This Row],[Дата на падеж]]<Payments_Add[[#This Row],[Monday]]+49,7, IF(Payments_Add[[#This Row],[Дата на падеж]]<Payments_Add[[#This Row],[Monday]]+56,8,0)))))))) -> 5 | P59: Materials | Q59: Lead and lead alloys | R59: 02.Payments Operating Activities
B60: =Payments_Add[[#This Row],[BU]] -> NOUR | C60: MHC METALS | D60: pb d'œuvre | E60: Lead and lead alloys | F60: 44648 | G60: 44648 | H60: TND | I60: PLANNED | J60: 297500 | K60: 90978.593 | L60: NOUR | N60: =$N$1 -> 44592 | O60: =IF(Payments_Add[[#This Row],[Дата на падеж]]<Payments_Add[[#This Row],[Monday]]+7,1, IF(Payments_Add[[#This Row],[Дата на падеж]]<Payments_Add[[#This Row],[Monday]]+14,2, IF(Payments_Add[[#This Row],[Дата на падеж]]<Payments_Add[[#This Row],[Monday]]+21,3, IF(Payments_Add[[#This Row],[Дата на падеж]]<Payments_Add[[#This Row],[Monday]]+28,4, IF(Payments_Add[[#This Row],[Дата на падеж]]<Payments_Add[[#This Row],[Monday]]+35,5, IF(Payments_Add[[#This Row],[Дата на падеж]]<Payments_Add[[#This Row],[Monday]]+42,6, IF(Payments_Add[[#This Row],[Дата на падеж]]<Payments_Add[[#This Row],[Monday]]+49,7, IF(Payments_Add[[#This Row],[Дата на падеж]]<Payments_Add[[#This Row],[Monday]]+56,8,0)))))))) -> 0 | P60: Materials | Q60: Lead and lead alloys | R60: 02.Payments Operating Activities
B61: =Payments_Add[[#This Row],[BU]] -> NOUR | C61: MICROPOROUS | D61: separateurs | E61: Primary Materials | F61: 44510 | G61: 44600 | H61: EUR | I61: Documented | J61: 124817.89 | K61: 38170.61 | L61: NOUR | N61: =$N$1 -> 44592 | O61: =IF(Payments_Add[[#This Row],[Дата на падеж]]<Payments_Add[[#This Row],[Monday]]+7,1, IF(Payments_Add[[#This Row],[Дата на падеж]]<Payments_Add[[#This Row],[Monday]]+14,2, IF(Payments_Add[[#This Row],[Дата на падеж]]<Payments_Add[[#This Row],[Monday]]+21,3, IF(Payments_Add[[#This Row],[Дата на падеж]]<Payments_Add[[#This Row],[Monday]]+28,4, IF(Payments_Add[[#This Row],[Дата на падеж]]<Payments_Add[[#This Row],[Monday]]+35,5, IF(Payments_Add[[#This Row],[Дата на падеж]]<Payments_Add[[#This Row],[Monday]]+42,6, IF(Payments_Add[[#This Row],[Дата на падеж]]<Payments_Add[[#This Row],[Monday]]+49,7, IF(Payments_Add[[#This Row],[Дата на падеж]]<Payments_Add[[#This Row],[Monday]]+56,8,0)))))))) -> 2 | P61: Materials | Q61: Primary Materials | R61: 02.Payments Operating Activities
B62: =Payments_Add[[#This Row],[BU]] -> NOUR | C62: MICROPOROUS | D62: separateurs | E62: Primary Materials | F62: 44550 | G62: 44640 | H62: EUR | I62: Documented | J62: 128006.99 | K62: 39145.87 | L62: NOUR | N62: =$N$1 -> 44592 | O62: =IF(Payments_Add[[#This Row],[Дата на падеж]]<Payments_Add[[#This Row],[Monday]]+7,1, IF(Payments_Add[[#This Row],[Дата на падеж]]<Payments_Add[[#This Row],[Monday]]+14,2, IF(Payments_Add[[#This Row],[Дата на падеж]]<Payments_Add[[#This Row],[Monday]]+21,3, IF(Payments_Add[[#This Row],[Дата на падеж]]<Payments_Add[[#This Row],[Monday]]+28,4, IF(Payments_Add[[#This Row],[Дата на падеж]]<Payments_Add[[#This Row],[Monday]]+35,5, IF(Payments_Add[[#This Row],[Дата на падеж]]<Payments_Add[[#This Row],[Monday]]+42,6, IF(Payments_Add[[#This Row],[Дата на падеж]]<Payments_Add[[#This Row],[Monday]]+49,7, IF(Payments_Add[[#This Row],[Дата на падеж]]<Payments_Add[[#This Row],[Monday]]+56,8,0)))))))) -> 7 | P62: Materials | Q62: Primary Materials | R62: 02.Payments Operating Activities
B63: =Payments_Add[[#This Row],[BU]] -> NOUR | C63: NORD INDUSTRIE | D63: PDR | F63: 44550 | G63: 44586 | H63: TND | I63: PLANNED PAIEMENT | J63: 7772.096 | K63: 2376.7878 | L63: NOUR | N63: =$N$1 -> 44592 | O63: =IF(Payments_Add[[#This Row],[Дата на падеж]]<Payments_Add[[#This Row],[Monday]]+7,1, IF(Payments_Add[[#This Row],[Дата на падеж]]<Payments_Add[[#This Row],[Monday]]+14,2, IF(Payments_Add[[#This Row],[Дата на падеж]]<Payments_Add[[#This Row],[Monday]]+21,3, IF(Payments_Add[[#This Row],[Дата на падеж]]<Payments_Add[[#This Row],[Monday]]+28,4, IF(Payments_Add[[#This Row],[Дата на падеж]]<Payments_Add[[#This Row],[Monday]]+35,5, IF(Payments_Add[[#This Row],[Дата на падеж]]<Payments_Add[[#This Row],[Monday]]+42,6, IF(Payments_Add[[#This Row],[Дата на падеж]]<Payments_Add[[#This Row],[Monday]]+49,7, IF(Payments_Add[[#This Row],[Дата на падеж]]<Payments_Add[[#This Row],[Monday]]+56,8,0)))))))) -> 1 | P63: Other | Q63: Spare Parts | R63: 02.Payments Operating Activities
B64: =Payments_Add[[#This Row],[BU]] -> SND | C64: OOREDOO | D64: téléphone | F64: 44593 | G64: 44620 | H64: TND | I64: PLANNED | J64: 1000 | K64: 305.8104 | L64: SND | N64: =$N$1 -> 44592 | O64: =IF(Payments_Add[[#This Row],[Дата на падеж]]<Payments_Add[[#This Row],[Monday]]+7,1, IF(Payments_Add[[#This Row],[Дата на падеж]]<Payments_Add[[#This Row],[Monday]]+14,2, IF(Payments_Add[[#This Row],[Дата на падеж]]<Payments_Add[[#This Row],[Monday]]+21,3, IF(Payments_Add[[#This Row],[Дата на падеж]]<Payments_Add[[#This Row],[Monday]]+28,4, IF(Payments_Add[[#This Row],[Дата на падеж]]<Payments_Add[[#This Row],[Monday]]+35,5, IF(Payments_Add[[#This Row],[Дата на падеж]]<Payments_Add[[#This Row],[Monday]]+42,6, IF(Payments_Add[[#This Row],[Дата на падеж]]<Payments_Add[[#This Row],[Monday]]+49,7, IF(Payments_Add[[#This Row],[Дата на падеж]]<Payments_Add[[#This Row],[Monday]]+56,8,0)))))))) -> 5 | P64: Services | Q64: Services | R64: 02.Payments Operating Activities
B65: =Payments_Add[[#This Row],[BU]] -> SND | C65: OOREDOO | D65: téléphone | F65: 44621 | G65: 44651 | H65: TND | I65: PLANNED | J65: 1000 | K65: 305.8104 | L65: SND | N65: =$N$1 -> 44592 | O65: =IF(Payments_Add[[#This Row],[Дата на падеж]]<Payments_Add[[#This Row],[Monday]]+7,1, IF(Payments_Add[[#This Row],[Дата на падеж]]<Payments_Add[[#This Row],[Monday]]+14,2, IF(Payments_Add[[#This Row],[Дата на падеж]]<Payments_Add[[#This Row],[Monday]]+21,3, IF(Payments_Add[[#This Row],[Дата на падеж]]<Payments_Add[[#This Row],[Monday]]+28,4, IF(Payments_Add[[#This Row],[Дата на падеж]]<Payments_Add[[#This Row],[Monday]]+35,5, IF(Payments_Add[[#This Row],[Дата на падеж]]<Payments_Add[[#This Row],[Monday]]+42,6, IF(Payments_Add[[#This Row],[Дата на падеж]]<Payments_Add[[#This Row],[Monday]]+49,7, IF(Payments_Add[[#This Row],[Дата на падеж]]<Payments_Add[[#This Row],[Monday]]+56,8,0)))))))) -> 0 | P65: Services | Q65: Services | R65: 02.Payments Operating Activities
B66: =Payments_Add[[#This Row],[BU]] -> NOUR | C66: OOREDOO | D66: téléphone | F66: 44593 | G66: 44620 | H66: TND | I66: PLANNED | J66: 900 | K66: 275.22936 | L66: NOUR | N66: =$N$1 -> 44592 | O66: =IF(Payments_Add[[#This Row],[Дата на падеж]]<Payments_Add[[#This Row],[Monday]]+7,1, IF(Payments_Add[[#This Row],[Дата на падеж]]<Payments_Add[[#This Row],[Monday]]+14,2, IF(Payments_Add[[#This Row],[Дата на падеж]]<Payments_Add[[#This Row],[Monday]]+21,3, IF(Payments_Add[[#This Row],[Дата на падеж]]<Payments_Add[[#This Row],[Monday]]+28,4, IF(Payments_Add[[#This Row],[Дата на падеж]]<Payments_Add[[#This Row],[Monday]]+35,5, IF(Payments_Add[[#This Row],[Дата на падеж]]<Payments_Add[[#This Row],[Monday]]+42,6, IF(Payments_Add[[#This Row],[Дата на падеж]]<Payments_Add[[#This Row],[Monday]]+49,7, IF(Payments_Add[[#This Row],[Дата на падеж]]<Payments_Add[[#This Row],[Monday]]+56,8,0)))))))) -> 5 | P66: Services | Q66: Services | R66: 02.Payments Operating Activities
B67: =Payments_Add[[#This Row],[BU]] -> NOUR | C67: OOREDOO | D67: téléphone | F67: 44621 | G67: 44651 | H67: TND | I67: PLANNED | J67: 900 | K67: 275.22936 | L67: NOUR | N67: =$N$1 -> 44592 | O67: =IF(Payments_Add[[#This Row],[Дата на падеж]]<Payments_Add[[#This Row],[Monday]]+7,1, IF(Payments_Add[[#This Row],[Дата на падеж]]<Payments_Add[[#This Row],[Monday]]+14,2, IF(Payments_Add[[#This Row],[Дата на падеж]]<Payments_Add[[#This Row],[Monday]]+21,3, IF(Payments_Add[[#This Row],[Дата на падеж]]<Payments_Add[[#This Row],[Monday]]+28,4, IF(Payments_Add[[#This Row],[Дата на падеж]]<Payments_Add[[#This Row],[Monday]]+35,5, IF(Payments_Add[[#This Row],[Дата на падеж]]<Payments_Add[[#This Row],[Monday]]+42,6, IF(Payments_Add[[#This Row],[Дата на падеж]]<Payments_Add[[#This Row],[Monday]]+49,7, IF(Payments_Add[[#This Row],[Дата на падеж]]<Payments_Add[[#This Row],[Monday]]+56,8,0)))))))) -> 0 | P67: Services | Q67: Services | R67: 02.Payments Operating Activities
B68: =Payments_Add[[#This Row],[BU]] -> SND | C68: OTHER | D68: maintence voiture | F68: 44593 | G68: 44620 | H68: TND | I68: PLANNED | J68: 15000 | K68: 4587.156 | L68: SND | N68: =$N$1 -> 44592 | O68: =IF(Payments_Add[[#This Row],[Дата на падеж]]<Payments_Add[[#This Row],[Monday]]+7,1, IF(Payments_Add[[#This Row],[Дата на падеж]]<Payments_Add[[#This Row],[Monday]]+14,2, IF(Payments_Add[[#This Row],[Дата на падеж]]<Payments_Add[[#This Row],[Monday]]+21,3, IF(Payments_Add[[#This Row],[Дата на падеж]]<Payments_Add[[#This Row],[Monday]]+28,4, IF(Payments_Add[[#This Row],[Дата на падеж]]<Payments_Add[[#This Row],[Monday]]+35,5, IF(Payments_Add[[#This Row],[Дата на падеж]]<Payments_Add[[#This Row],[Monday]]+42,6, IF(Payments_Add[[#This Row],[Дата на падеж]]<Payments_Add[[#This Row],[Monday]]+49,7, IF(Payments_Add[[#This Row],[Дата на падеж]]<Payments_Add[[#This Row],[Monday]]+56,8,0)))))))) -> 5 | P68: Services | Q68: Services | R68: 02.Payments Operating Activities
B69: =Payments_Add[[#This Row],[BU]] -> SND | C69: OTHER | D69: maintence voiture | F69: 44621 | G69: 44651 | H69: TND | I69: PLANNED | J69: 15000 | K69: 4587.156 | L69: SND | N69: =$N$1 -> 44592 | O69: =IF(Payments_Add[[#This Row],[Дата на падеж]]<Payments_Add[[#This Row],[Monday]]+7,1, IF(Payments_Add[[#This Row],[Дата на падеж]]<Payments_Add[[#This Row],[Monday]]+14,2, IF(Payments_Add[[#This Row],[Дата на падеж]]<Payments_Add[[#This Row],[Monday]]+21,3, IF(Payments_Add[[#This Row],[Дата на падеж]]<Payments_Add[[#This Row],[Monday]]+28,4, IF(Payments_Add[[#This Row],[Дата на падеж]]<Payments_Add[[#This Row],[Monday]]+35,5, IF(Payments_Add[[#This Row],[Дата на падеж]]<Payments_Add[[#This Row],[Monday]]+42,6, IF(Payments_Add[[#This Row],[Дата на падеж]]<Payments_Add[[#This Row],[Monday]]+49,7, IF(Payments_Add[[#This Row],[Дата на падеж]]<Payments_Add[[#This Row],[Monday]]+56,8,0)))))))) -> 0 | P69: Services | Q69: Services | R69: 02.Payments Operating Activities
B70: =Payments_Add[[#This Row],[BU]] -> NOUR | C70: OTHER | D70: maintence voiture | F70: 44593 | G70: 44620 | H70: TND | I70: PLANNED | J70: 25000 | K70: 7645.2599 | L70: NOUR | N70: =$N$1 -> 44592 | O70: =IF(Payments_Add[[#This Row],[Дата на падеж]]<Payments_Add[[#This Row],[Monday]]+7,1, IF(Payments_Add[[#This Row],[Дата на падеж]]<Payments_Add[[#This Row],[Monday]]+14,2, IF(Payments_Add[[#This Row],[Дата на падеж]]<Payments_Add[[#This Row],[Monday]]+21,3, IF(Payments_Add[[#This Row],[Дата на падеж]]<Payments_Add[[#This Row],[Monday]]+28,4, IF(Payments_Add[[#This Row],[Дата на падеж]]<Payments_Add[[#This Row],[Monday]]+35,5, IF(Payments_Add[[#This Row],[Дата на падеж]]<Payments_Add[[#This Row],[Monday]]+42,6, IF(Payments_Add[[#This Row],[Дата на падеж]]<Payments_Add[[#This Row],[Monday]]+49,7, IF(Payments_Add[[#This Row],[Дата на падеж]]<Payments_Add[[#This Row],[Monday]]+56,8,0)))))))) -> 5 | P70: Services | Q70: Services | R70: 02.Payments Operating Activities
B71: =Payments_Add[[#This Row],[BU]] -> NOUR | C71: OTHER | D71: maintence voiture | F71: 44621 | G71: 44651 | H71: TND | I71: PLANNED | J71: 25000 | K71: 7645.2599 | L71: NOUR | N71: =$N$1 -> 44592 | O71: =IF(Payments_Add[[#This Row],[Дата на падеж]]<Payments_Add[[#This Row],[Monday]]+7,1, IF(Payments_Add[[#This Row],[Дата на падеж]]<Payments_Add[[#This Row],[Monday]]+14,2, IF(Payments_Add[[#This Row],[Дата на падеж]]<Payments_Add[[#This Row],[Monday]]+21,3, IF(Payments_Add[[#This Row],[Дата на падеж]]<Payments_Add[[#This Row],[Monday]]+28,4, IF(Payments_Add[[#This Row],[Дата на падеж]]<Payments_Add[[#This Row],[Monday]]+35,5, IF(Payments_Add[[#This Row],[Дата на падеж]]<Payments_Add[[#This Row],[Monday]]+42,6, IF(Payments_Add[[#This Row],[Дата на падеж]]<Payments_Add[[#This Row],[Monday]]+49,7, IF(Payments_Add[[#This Row],[Дата на падеж]]<Payments_Add[[#This Row],[Monday]]+56,8,0)))))))) -> 0 | P71: Services | Q71: Services | R71: 02.Payments Operating Activities
B72: =Payments_Add[[#This Row],[BU]] -> NOUR | C72: OTHER | D72: produit nettoyage+ jardinage + fourniture de bureau | F72: 44593 | G72: 44620 | H72: TND | I72: PLANNED | J72: 7000 | K72: 2140.6728 | L72: NOUR | N72: =$N$1 -> 44592 | O72: =IF(Payments_Add[[#This Row],[Дата на падеж]]<Payments_Add[[#This Row],[Monday]]+7,1, IF(Payments_Add[[#This Row],[Дата на падеж]]<Payments_Add[[#This Row],[Monday]]+14,2, IF(Payments_Add[[#This Row],[Дата на падеж]]<Payments_Add[[#This Row],[Monday]]+21,3, IF(Payments_Add[[#This Row],[Дата на падеж]]<Payments_Add[[#This Row],[Monday]]+28,4, IF(Payments_Add[[#This Row],[Дата на падеж]]<Payments_Add[[#This Row],[Monday]]+35,5, IF(Payments_Add[[#This Row],[Дата на падеж]]<Payments_Add[[#This Row],[Monday]]+42,6, IF(Payments_Add[[#This Row],[Дата на падеж]]<Payments_Add[[#This Row],[Monday]]+49,7, IF(Payments_Add[[#This Row],[Дата на падеж]]<Payments_Add[[#This Row],[Monday]]+56,8,0)))))))) -> 5 | P72: Services | Q72: Services | R72: 02.Payments Operating Activities
B73: =Payments_Add[[#This Row],[BU]] -> NOUR | C73: OTHER | D73: produit nettoyage+ jardinage + fourniture de bureau | F73: 44621 | G73: 44651 | H73: TND | I73: PLANNED | J73: 7000 | K73: 2140.6728 | L73: NOUR | N73: =$N$1 -> 44592 | O73: =IF(Payments_Add[[#This Row],[Дата на падеж]]<Payments_Add[[#This Row],[Monday]]+7,1, IF(Payments_Add[[#This Row],[Дата на падеж]]<Payments_Add[[#This Row],[Monday]]+14,2, IF(Payments_Add[[#This Row],[Дата на падеж]]<Payments_Add[[#This Row],[Monday]]+21,3, IF(Payments_Add[[#This Row],[Дата на падеж]]<Payments_Add[[#This Row],[Monday]]+28,4, IF(Payments_Add[[#This Row],[Дата на падеж]]<Payments_Add[[#This Row],[Monday]]+35,5, IF(Payments_Add[[#This Row],[Дата на падеж]]<Payments_Add[[#This Row],[Monday]]+42,6, IF(Payments_Add[[#This Row],[Дата на падеж]]<Payments_Add[[#This Row],[Monday]]+49,7, IF(Payments_Add[[#This Row],[Дата на падеж]]<Payments_Add[[#This Row],[Monday]]+56,8,0)))))))) -> 0 | P73: Services | Q73: Services | R73: 02.Payments Operating Activities
B74: =Payments_Add[[#This Row],[BU]] -> SND | C74: OTHER | D74: produit nettoyage+ jardinage + fourniture de bureau | F74: 44593 | G74: 44620 | H74: TND | I74: PLANNED | J74: 2000 | K74: 611.6208 | L74: SND | N74: =$N$1 -> 44592 | O74: =IF(Payments_Add[[#This Row],[Дата на падеж]]<Payments_Add[[#This Row],[Monday]]+7,1, IF(Payments_Add[[#This Row],[Дата на падеж]]<Payments_Add[[#This Row],[Monday]]+14,2, IF(Payments_Add[[#This Row],[Дата на падеж]]<Payments_Add[[#This Row],[Monday]]+21,3, IF(Payments_Add[[#This Row],[Дата на падеж]]<Payments_Add[[#This Row],[Monday]]+28,4, IF(Payments_Add[[#This Row],[Дата на падеж]]<Payments_Add[[#This Row],[Monday]]+35,5, IF(Payments_Add[[#This Row],[Дата на падеж]]<Payments_Add[[#This Row],[Monday]]+42,6, IF(Payments_Add[[#This Row],[Дата на падеж]]<Payments_Add[[#This Row],[Monday]]+49,7, IF(Payments_Add[[#This Row],[Дата на падеж]]<Payments_Add[[#This Row],[Monday]]+56,8,0)))))))) -> 5 | P74: Services | Q74: Services | R74: 02.Payments Operating Activities
... B79: =Payments_Add[[#This Row],[BU]] -> NOUR | C79: PROSID | D79: Fourniture d'entretien usine | F79: 44574 | G79: 44645 | H79: TND | I79: PLANNED PAIEMENT | J79: 1565.583 | K79: 478.77156 | L79: NOUR | N79: =$N$1 -> 44592 | O79: =IF(Payments_Add[[#This Row],[Дата на падеж]]<Payments_Add[[#This Row],[Monday]]+7,1, IF(Payments_Add[[#This Row],[Дата на падеж]]<Payments_Add[[#This Row],[Monday]]+14,2, IF(Payments_Add[[#This Row],[Дата на падеж]]<Payments_Add[[#This Row],[Monday]]+21,3, IF(Payments_Add[[#This Row],[Дата на падеж]]<Payments_Add[[#This Row],[Monday]]+28,4, IF(Payments_Add[[#This Row],[Дата на падеж]]<Payments_Add[[#This Row],[Monday]]+35,5, IF(Payments_Add[[#This Row],[Дата на падеж]]<Payments_Add[[#This Row],[Monday]]+42,6, IF(Payments_Add[[#This Row],[Дата на падеж]]<Payments_Add[[#This Row],[Monday]]+49,7, IF(Payments_Add[[#This Row],[Дата на падеж]]<Payments_Add[[#This Row],[Monday]]+56,8,0)))))))) -> 8 | P79: Other | Q79: Other | R79: 02.Payments Operating Activities
B80: =Payments_Add[[#This Row],[BU]] -> NOUR | C80: RECETTE DES FINANCES | D80: déclaration impôt à payer | E80: VAT | F80: 44620 | G80: 44620 | H80: TND | I80: PLANNED | J80: 200000 | K80: 61162.08 | L80: NOUR | N80: =$N$1 -> 44592 | O80: =IF(Payments_Add[[#This Row],[Дата на падеж]]<Payments_Add[[#This Row],[Monday]]+7,1, IF(Payments_Add[[#This Row],[Дата на падеж]]<Payments_Add[[#This Row],[Monday]]+14,2, IF(Payments_Add[[#This Row],[Дата на падеж]]<Payments_Add[[#This Row],[Monday]]+21,3, IF(Payments_Add[[#This Row],[Дата на падеж]]<Payments_Add[[#This Row],[Monday]]+28,4, IF(Payments_Add[[#This Row],[Дата на падеж]]<Payments_Add[[#This Row],[Monday]]+35,5, IF(Payments_Add[[#This Row],[Дата на падеж]]<Payments_Add[[#This Row],[Monday]]+42,6, IF(Payments_Add[[#This Row],[Дата на падеж]]<Payments_Add[[#This Row],[Monday]]+49,7, IF(Payments_Add[[#This Row],[Дата на падеж]]<Payments_Add[[#This Row],[Monday]]+56,8,0)))))))) -> 5 | P80: Taxes | Q80: Other Taxes | R80: 02.Payments Operating Activities
B81: =Payments_Add[[#This Row],[BU]] -> SND | C81: RECETTE DES FINANCES | D81: déclaration impôt à payer | E81: VAT | F81: 44620 | G81: 44620 | H81: TND | I81: PLANNED | J81: 40000 | K81: 12232.416 | L81: SND | N81: =$N$1 -> 44592 | O81: =IF(Payments_Add[[#This Row],[Дата на падеж]]<Payments_Add[[#This Row],[Monday]]+7,1, IF(Payments_Add[[#This Row],[Дата на падеж]]<Payments_Add[[#This Row],[Monday]]+14,2, IF(Payments_Add[[#This Row],[Дата на падеж]]<Payments_Add[[#This Row],[Monday]]+21,3, IF(Payments_Add[[#This Row],[Дата на падеж]]<Payments_Add[[#This Row],[Monday]]+28,4, IF(Payments_Add[[#This Row],[Дата на падеж]]<Payments_Add[[#This Row],[Monday]]+35,5, IF(Payments_Add[[#This Row],[Дата на падеж]]<Payments_Add[[#This Row],[Monday]]+42,6, IF(Payments_Add[[#This Row],[Дата на падеж]]<Payments_Add[[#This Row],[Monday]]+49,7, IF(Payments_Add[[#This Row],[Дата на падеж]]<Payments_Add[[#This Row],[Monday]]+56,8,0)))))))) -> 5 | P81: Taxes | Q81: Other Taxes | R81: 02.Payments Operating Activities
B82: =Payments_Add[[#This Row],[BU]] -> NOUR | C82: RECETTE DES FINANCES | D82: déclaration impôt à payer | E82: VAT | F82: 44648 | G82: 44648 | H82: TND | I82: PLANNED | J82: 200000 | K82: 61162.08 | L82: NOUR | N82: =$N$1 -> 44592 | O82: =IF(Payments_Add[[#This Row],[Дата на падеж]]<Payments_Add[[#This Row],[Monday]]+7,1, IF(Payments_Add[[#This Row],[Дата на падеж]]<Payments_Add[[#This Row],[Monday]]+14,2, IF(Payments_Add[[#This Row],[Дата на падеж]]<Payments_Add[[#This Row],[Monday]]+21,3, IF(Payments_Add[[#This Row],[Дата на падеж]]<Payments_Add[[#This Row],[Monday]]+28,4, IF(Payments_Add[[#This Row],[Дата на падеж]]<Payments_Add[[#This Row],[Monday]]+35,5, IF(Payments_Add[[#This Row],[Дата на падеж]]<Payments_Add[[#This Row],[Monday]]+42,6, IF(Payments_Add[[#This Row],[Дата на падеж]]<Payments_Add[[#This Row],[Monday]]+49,7, IF(Payments_Add[[#This Row],[Дата на падеж]]<Payments_Add[[#This Row],[Monday]]+56,8,0)))))))) -> 0 | P82: Taxes | Q82: Other Taxes | R82: 02.Payments Operating Activities
B83: =Payments_Add[[#This Row],[BU]] -> SND | C83: RECETTE DES FINANCES | D83: déclaration impôt à payer | E83: VAT | F83: 44648 | G83: 44648 | H83: TND | I83: PLANNED | J83: 40000 | K83: 12232.416 | L83: SND | N83: =$N$1 -> 44592 | O83: =IF(Payments_Add[[#This Row],[Дата на падеж]]<Payments_Add[[#This Row],[Monday]]+7,1, IF(Payments_Add[[#This Row],[Дата на падеж]]<Payments_Add[[#This Row],[Monday]]+14,2, IF(Payments_Add[[#This Row],[Дата на падеж]]<Payments_Add[[#This Row],[Monday]]+21,3, IF(Payments_Add[[#This Row],[Дата на падеж]]<Payments_Add[[#This Row],[Monday]]+28,4, IF(Payments_Add[[#This Row],[Дата на падеж]]<Payments_Add[[#This Row],[Monday]]+35,5, IF(Payments_Add[[#This Row],[Дата на падеж]]<Payments_Add[[#This Row],[Monday]]+42,6, IF(Payments_Add[[#This Row],[Дата на падеж]]<Payments_Add[[#This Row],[Monday]]+49,7, IF(Payments_Add[[#This Row],[Дата на падеж]]<Payments_Add[[#This Row],[Monday]]+56,8,0)))))))) -> 0 | P83: Taxes | Q83: Other Taxes | R83: 02.Payments Operating Activities
B84: =Payments_Add[[#This Row],[BU]] -> NOUR | C84: RFT | D84: Travaux d'entretien | F84: 44551 | G84: 44597 | H84: TND | I84: PLANNED PAIEMENT | J84: 345.7 | K84: 105.71865 | L84: NOUR | N84: =$N$1 -> 44592 | O84: =IF(Payments_Add[[#This Row],[Дата на падеж]]<Payments_Add[[#This Row],[Monday]]+7,1, IF(Payments_Add[[#This Row],[Дата на падеж]]<Payments_Add[[#This Row],[Monday]]+14,2, IF(Payments_Add[[#This Row],[Дата на падеж]]<Payments_Add[[#This Row],[Monday]]+21,3, IF(Payments_Add[[#This Row],[Дата на падеж]]<Payments_Add[[#This Row],[Monday]]+28,4, IF(Payments_Add[[#This Row],[Дата на падеж]]<Payments_Add[[#This Row],[Monday]]+35,5, IF(Payments_Add[[#This Row],[Дата на падеж]]<Payments_Add[[#This Row],[Monday]]+42,6, IF(Payments_Add[[#This Row],[Дата на падеж]]<Payments_Add[[#This Row],[Monday]]+49,7, IF(Payments_Add[[#This Row],[Дата на падеж]]<Payments_Add[[#This Row],[Monday]]+56,8,0)))))))) -> 1 | P84: Services | Q84: Services | R84: 02.Payments Operating Activities
B85: =Payments_Add[[#This Row],[BU]] -> NOUR | C85: RFT | D85: Travaux d'entretien | F85: 44574 | G85: 44625 | H85: TND | I85: PLANNED PAIEMENT | J85: 1708.839 | K85: 522.58073 | L85: NOUR | N85: =$N$1 -> 44592 | O85: =IF(Payments_Add[[#This Row],[Дата на падеж]]<Payments_Add[[#This Row],[Monday]]+7,1, IF(Payments_Add[[#This Row],[Дата на падеж]]<Payments_Add[[#This Row],[Monday]]+14,2, IF(Payments_Add[[#This Row],[Дата на падеж]]<Payments_Add[[#This Row],[Monday]]+21,3, IF(Payments_Add[[#This Row],[Дата на падеж]]<Payments_Add[[#This Row],[Monday]]+28,4, IF(Payments_Add[[#This Row],[Дата на падеж]]<Payments_Add[[#This Row],[Monday]]+35,5, IF(Payments_Add[[#This Row],[Дата на падеж]]<Payments_Add[[#This Row],[Monday]]+42,6, IF(Payments_Add[[#This Row],[Дата на падеж]]<Payments_Add[[#This Row],[Monday]]+49,7, IF(Payments_Add[[#This Row],[Дата на падеж]]<Payments_Add[[#This Row],[Monday]]+56,8,0)))))))) -> 5 | P85: Services | Q85: Services | R85: 02.Payments Operating Activities
B86: =Payments_Add[[#This Row],[BU]] -> NOUR | C86: RFT | D86: Travaux d'entretien | F86: 44580 | G86: 44635 | H86: TND | I86: PLANNED PAIEMENT | J86: 488.5 | K86: 149.38838 | L86: NOUR | N86: =$N$1 -> 44592 | O86: =IF(Payments_Add[[#This Row],[Дата на падеж]]<Payments_Add[[#This Row],[Monday]]+7,1, IF(Payments_Add[[#This Row],[Дата на падеж]]<Payments_Add[[#This Row],[Monday]]+14,2, IF(Payments_Add[[#This Row],[Дата на падеж]]<Payments_Add[[#This Row],[Monday]]+21,3, IF(Payments_Add[[#This Row],[Дата на падеж]]<Payments_Add[[#This Row],[Monday]]+28,4, IF(Payments_Add[[#This Row],[Дата на падеж]]<Payments_Add[[#This Row],[Monday]]+35,5, IF(Payments_Add[[#This Row],[Дата на падеж]]<Payments_Add[[#This Row],[Monday]]+42,6, IF(Payments_Add[[#This Row],[Дата на падеж]]<Payments_Add[[#This Row],[Monday]]+49,7, IF(Payments_Add[[#This Row],[Дата на падеж]]<Payments_Add[[#This Row],[Monday]]+56,8,0)))))))) -> 7 | P86: Services | Q86: Services | R86: 02.Payments Operating Activities
B87: =Payments_Add[[#This Row],[BU]] -> NOUR | C87: ROYALTYRE | D87: pneumatique | F87: 44560 | G87: 44597 | H87: TND | I87: PAIEMENT | J87: 5987.275 | K87: 1830.9709 | L87: NOUR | N87: =$N$1 -> 44592 | O87: =IF(Payments_Add[[#This Row],[Дата на падеж]]<Payments_Add[[#This Row],[Monday]]+7,1, IF(Payments_Add[[#This Row],[Дата на падеж]]<Payments_Add[[#This Row],[Monday]]+14,2, IF(Payments_Add[[#This Row],[Дата на падеж]]<Payments_Add[[#This Row],[Monday]]+21,3, IF(Payments_Add[[#This Row],[Дата на падеж]]<Payments_Add[[#This Row],[Monday]]+28,4, IF(Payments_Add[[#This Row],[Дата на падеж]]<Payments_Add[[#This Row],[Monday]]+35,5, IF(Payments_Add[[#This Row],[Дата на падеж]]<Payments_Add[[#This Row],[Monday]]+42,6, IF(Payments_Add[[#This Row],[Дата на падеж]]<Payments_Add[[#This Row],[Monday]]+49,7, IF(Payments_Add[[#This Row],[Дата на падеж]]<Payments_Add[[#This Row],[Monday]]+56,8,0)))))))) -> 1 | P87: Other | Q87: Other | R87: 02.Payments Operating Activities
B88: =Payments_Add[[#This Row],[BU]] -> NBI | C88: SALAIRES NBI | D88: Salaries and Social Securities | E88: Salaries | F88: 44620 | G88: 44620 | H88: TND | I88: PLANNED | J88: 5200 | K88: =+Payments_Add[[#This Row],[Сума във Валута]]/3.27 -> 1590.2141 | L88: NBI | N88: =$N$1 -> 44592 | O88: =IF(Payments_Add[[#This Row],[Дата на падеж]]<Payments_Add[[#This Row],[Monday]]+7,1, IF(Payments_Add[[#This Row],[Дата на падеж]]<Payments_Add[[#This Row],[Monday]]+14,2, IF(Payments_Add[[#This Row],[Дата на падеж]]<Payments_Add[[#This Row],[Monday]]+21,3, IF(Payments_Add[[#This Row],[Дата на падеж]]<Payments_Add[[#This Row],[Monday]]+28,4, IF(Payments_Add[[#This Row],[Дата на падеж]]<Payments_Add[[#This Row],[Monday]]+35,5, IF(Payments_Add[[#This Row],[Дата на падеж]]<Payments_Add[[#This Row],[Monday]]+42,6, IF(Payments_Add[[#This Row],[Дата на падеж]]<Payments_Add[[#This Row],[Monday]]+49,7, IF(Payments_Add[[#This Row],[Дата на падеж]]<Payments_Add[[#This Row],[Monday]]+56,8,0)))))))) -> 5 | P88: Salaries and Social Securities | Q88: Salary | R88: 02.Payments Operating Activities
B89: =Payments_Add[[#This Row],[BU]] -> NBI | C89: SALAIRES NBI | D89: Salaries and Social Securities | E89: Salaries | F89: 44651 | G89: 44651 | H89: TND | I89: PLANNED | J89: 5200 | K89: =+Payments_Add[[#This Row],[Сума във Валута]]/3.27 -> 1590.2141 | L89: NBI | N89: =$N$1 -> 44592 | O89: =IF(Payments_Add[[#This Row],[Дата на падеж]]<Payments_Add[[#This Row],[Monday]]+7,1, IF(Payments_Add[[#This Row],[Дата на падеж]]<Payments_Add[[#This Row],[Monday]]+14,2, IF(Payments_Add[[#This Row],[Дата на падеж]]<Payments_Add[[#This Row],[Monday]]+21,3, IF(Payments_Add[[#This Row],[Дата на падеж]]<Payments_Add[[#This Row],[Monday]]+28,4, IF(Payments_Add[[#This Row],[Дата на падеж]]<Payments_Add[[#This Row],[Monday]]+35,5, IF(Payments_Add[[#This Row],[Дата на падеж]]<Payments_Add[[#This Row],[Monday]]+42,6, IF(Payments_Add[[#This Row],[Дата на падеж]]<Payments_Add[[#This Row],[Monday]]+49,7, IF(Payments_Add[[#This Row],[Дата на падеж]]<Payments_Add[[#This Row],[Monday]]+56,8,0)))))))) -> 0 | P89: Salaries and Social Securities | Q89: Salary | R89: 02.Payments Operating Activities
B90: =Payments_Add[[#This Row],[BU]] -> NOUR | C90: SALAIRES SNA | D90: Salaries and Social Securities | E90: Salaries | F90: 44620 | G90: 44620 | H90: TND | I90: PLANNED | J90: 190000 | K90: =+Payments_Add[[#This Row],[Сума във Валута]]/3.27 -> 58103.976 | L90: NOUR | N90: =$N$1 -> 44592 | O90: =IF(Payments_Add[[#This Row],[Дата на падеж]]<Payments_Add[[#This Row],[Monday]]+7,1, IF(Payments_Add[[#This Row],[Дата на падеж]]<Payments_Add[[#This Row],[Monday]]+14,2, IF(Payments_Add[[#This Row],[Дата на падеж]]<Payments_Add[[#This Row],[Monday]]+21,3, IF(Payments_Add[[#This Row],[Дата на падеж]]<Payments_Add[[#This Row],[Monday]]+28,4, IF(Payments_Add[[#This Row],[Дата на падеж]]<Payments_Add[[#This Row],[Monday]]+35,5, IF(Payments_Add[[#This Row],[Дата на падеж]]<Payments_Add[[#This Row],[Monday]]+42,6, IF(Payments_Add[[#This Row],[Дата на падеж]]<Payments_Add[[#This Row],[Monday]]+49,7, IF(Payments_Add[[#This Row],[Дата на падеж]]<Payments_Add[[#This Row],[Monday]]+56,8,0)))))))) -> 5 | P90: Salaries and Social Securities | Q90: Salary | R90: 02.Payments Operating Activities
B91: =Payments_Add[[#This Row],[BU]] -> NOUR | C91: SALAIRES SNA | D91: Salaries and Social Securities | E91: Salaries | F91: 44651 | G91: 44651 | H91: TND | I91: PLANNED | J91: 190000 | K91: =+Payments_Add[[#This Row],[Сума във Валута]]/3.27 -> 58103.976 | L91: NOUR | N91: =$N$1 -> 44592 | O91: =IF(Payments_Add[[#This Row],[Дата на падеж]]<Payments_Add[[#This Row],[Monday]]+7,1, IF(Payments_Add[[#This Row],[Дата на падеж]]<Payments_Add[[#This Row],[Monday]]+14,2, IF(Payments_Add[[#This Row],[Дата на падеж]]<Payments_Add[[#This Row],[Monday]]+21,3, IF(Payments_Add[[#This Row],[Дата на падеж]]<Payments_Add[[#This Row],[Monday]]+28,4, IF(Payments_Add[[#This Row],[Дата на падеж]]<Payments_Add[[#This Row],[Monday]]+35,5, IF(Payments_Add[[#This Row],[Дата на падеж]]<Payments_Add[[#This Row],[Monday]]+42,6, IF(Payments_Add[[#This Row],[Дата на падеж]]<Payments_Add[[#This Row],[Monday]]+49,7, IF(Payments_Add[[#This Row],[Дата на падеж]]<Payments_Add[[#This Row],[Monday]]+56,8,0)))))))) -> 0 | P91: Salaries and Social Securities | Q91: Salary | R91: 02.Payments Operating Activities
B92: =Payments_Add[[#This Row],[BU]] -> SND | C92: SALAIRES SND | D92: Salaries and Social Securities | E92: Salaries | F92: 44620 | G92: 44620 | H92: TND | I92: PLANNED | J92: 45000 | K92: =+Payments_Add[[#This Row],[Сума във Валута]]/3.27 -> 13761.468 | L92: SND | N92: =$N$1 -> 44592 | O92: =IF(Payments_Add[[#This Row],[Дата на падеж]]<Payments_Add[[#This Row],[Monday]]+7,1, IF(Payments_Add[[#This Row],[Дата на падеж]]<Payments_Add[[#This Row],[Monday]]+14,2, IF(Payments_Add[[#This Row],[Дата на падеж]]<Payments_Add[[#This Row],[Monday]]+21,3, IF(Payments_Add[[#This Row],[Дата на падеж]]<Payments_Add[[#This Row],[Monday]]+28,4, IF(Payments_Add[[#This Row],[Дата на падеж]]<Payments_Add[[#This Row],[Monday]]+35,5, IF(Payments_Add[[#This Row],[Дата на падеж]]<Payments_Add[[#This Row],[Monday]]+42,6, IF(Payments_Add[[#This Row],[Дата на падеж]]<Payments_Add[[#This Row],[Monday]]+49,7, IF(Payments_Add[[#This Row],[Дата на падеж]]<Payments_Add[[#This Row],[Monday]]+56,8,0)))))))) -> 5 | P92: Salaries and Social Securities | Q92: Salary | R92: 02.Payments Operating Activities
B93: =Payments_Add[[#This Row],[BU]] -> SND | C93: SALAIRES SND | D93: Salaries and Social Securities | E93: Salaries | F93: 44651 | G93: 44651 | H93: TND | I93: PLANNED | J93: 45000 | K93: =+Payments_Add[[#This Row],[Сума във Валута]]/3.27 -> 13761.468 | L93: SND | N93: =$N$1 -> 44592 | O93: =IF(Payments_Add[[#This Row],[Дата на падеж]]<Payments_Add[[#This Row],[Monday]]+7,1, IF(Payments_Add[[#This Row],[Дата на падеж]]<Payments_Add[[#This Row],[Monday]]+14,2, IF(Payments_Add[[#This Row],[Дата на падеж]]<Payments_Add[[#This Row],[Monday]]+21,3, IF(Payments_Add[[#This Row],[Дата на падеж]]<Payments_Add[[#This Row],[Monday]]+28,4, IF(Payments_Add[[#This Row],[Дата на падеж]]<Payments_Add[[#This Row],[Monday]]+35,5, IF(Payments_Add[[#This Row],[Дата на падеж]]<Payments_Add[[#This Row],[Monday]]+42,6, IF(Payments_Add[[#This Row],[Дата на падеж]]<Payments_Add[[#This Row],[Monday]]+49,7, IF(Payments_Add[[#This Row],[Дата на падеж]]<Payments_Add[[#This Row],[Monday]]+56,8,0)))))))) -> 0 | P93: Salaries and Social Securities | Q93: Salary | R93: 02.Payments Operating Activities
B94: =Payments_Add[[#This Row],[BU]] -> TIP | C94: SALAIRES TIP | D94: Salaries and Social Securities | E94: Salaries | F94: 44620 | G94: 44620 | H94: TND | I94: PLANNED | J94: 3000 | K94: =+Payments_Add[[#This Row],[Сума във Валута]]/3.27 -> 917.43119 | L94: TIP | N94: =$N$1 -> 44592 | O94: =IF(Payments_Add[[#This Row],[Дата на падеж]]<Payments_Add[[#This Row],[Monday]]+7,1, IF(Payments_Add[[#This Row],[Дата на падеж]]<Payments_Add[[#This Row],[Monday]]+14,2, IF(Payments_Add[[#This Row],[Дата на падеж]]<Payments_Add[[#This Row],[Monday]]+21,3, IF(Payments_Add[[#This Row],[Дата на падеж]]<Payments_Add[[#This Row],[Monday]]+28,4, IF(Payments_Add[[#This Row],[Дата на падеж]]<Payments_Add[[#This Row],[Monday]]+35,5, IF(Payments_Add[[#This Row],[Дата на падеж]]<Payments_Add[[#This Row],[Monday]]+42,6, IF(Payments_Add[[#This Row],[Дата на падеж]]<Payments_Add[[#This Row],[Monday]]+49,7, IF(Payments_Add[[#This Row],[Дата на падеж]]<Payments_Add[[#This Row],[Monday]]+56,8,0)))))))) -> 5 | P94: Salaries and Social Securities | Q94: Salary | R94: 02.Payments Operating Activities
B95: =Payments_Add[[#This Row],[BU]] -> TIP | C95: SALAIRES TIP | D95: Salaries and Social Securities | E95: Salaries | F95: 44651 | G95: 44651 | H95: TND | I95: PLANNED | J95: 3000 | K95: =+Payments_Add[[#This Row],[Сума във Валута]]/3.27 -> 917.43119 | L95: TIP | N95: =$N$1 -> 44592 | O95: =IF(Payments_Add[[#This Row],[Дата на падеж]]<Payments_Add[[#This Row],[Monday]]+7,1, IF(Payments_Add[[#This Row],[Дата на падеж]]<Payments_Add[[#This Row],[Monday]]+14,2, IF(Payments_Add[[#This Row],[Дата на падеж]]<Payments_Add[[#This Row],[Monday]]+21,3, IF(Payments_Add[[#This Row],[Дата на падеж]]<Payments_Add[[#This Row],[Monday]]+28,4, IF(Payments_Add[[#This Row],[Дата на падеж]]<Payments_Add[[#This Row],[Monday]]+35,5, IF(Payments_Add[[#This Row],[Дата на падеж]]<Payments_Add[[#This Row],[Monday]]+42,6, IF(Payments_Add[[#This Row],[Дата на падеж]]<Payments_Add[[#This Row],[Monday]]+49,7, IF(Payments_Add[[#This Row],[Дата на падеж]]<Payments_Add[[#This Row],[Monday]]+56,8,0)))))))) -> 0 | P95: Salaries and Social Securities | Q95: Salary | R95: 02.Payments Operating Activities
B96: =Payments_Add[[#This Row],[BU]] -> NOUR | C96: SERVICE | D96: Travaux d'entretien | F96: 44593 | G96: 44620 | H96: TND | I96: PLANNED | J96: 30000 | K96: 9174.3119 | L96: NOUR | N96: =$N$1 -> 44592 | O96: =IF(Payments_Add[[#This Row],[Дата на падеж]]<Payments_Add[[#This Row],[Monday]]+7,1, IF(Payments_Add[[#This Row],[Дата на падеж]]<Payments_Add[[#This Row],[Monday]]+14,2, IF(Payments_Add[[#This Row],[Дата на падеж]]<Payments_Add[[#This Row],[Monday]]+21,3, IF(Payments_Add[[#This Row],[Дата на падеж]]<Payments_Add[[#This Row],[Monday]]+28,4, IF(Payments_Add[[#This Row],[Дата на падеж]]<Payments_Add[[#This Row],[Monday]]+35,5, IF(Payments_Add[[#This Row],[Дата на падеж]]<Payments_Add[[#This Row],[Monday]]+42,6, IF(Payments_Add[[#This Row],[Дата на падеж]]<Payments_Add[[#This Row],[Monday]]+49,7, IF(Payments_Add[[#This Row],[Дата на падеж]]<Payments_Add[[#This Row],[Monday]]+56,8,0)))))))) -> 5 | P96: Services | Q96: Services | R96: 02.Payments Operating Activities
B97: =Payments_Add[[#This Row],[BU]] -> NOUR | C97: SERVICE | D97: Travaux d'entretien | F97: 44621 | G97: 44651 | H97: TND | I97: PLANNED | J97: 30000 | K97: 9174.3119 | L97: NOUR | N97: =$N$1 -> 44592 | O97: =IF(Payments_Add[[#This Row],[Дата на падеж]]<Payments_Add[[#This Row],[Monday]]+7,1, IF(Payments_Add[[#This Row],[Дата на падеж]]<Payments_Add[[#This Row],[Monday]]+14,2, IF(Payments_Add[[#This Row],[Дата на падеж]]<Payments_Add[[#This Row],[Monday]]+21,3, IF(Payments_Add[[#This Row],[Дата на падеж]]<Payments_Add[[#This Row],[Monday]]+28,4, IF(Payments_Add[[#This Row],[Дата на падеж]]<Payments_Add[[#This Row],[Monday]]+35,5, IF(Payments_Add[[#This Row],[Дата на падеж]]<Payments_Add[[#This Row],[Monday]]+42,6, IF(Payments_Add[[#This Row],[Дата на падеж]]<Payments_Add[[#This Row],[Monday]]+49,7, IF(Payments_Add[[#This Row],[Дата на падеж]]<Payments_Add[[#This Row],[Monday]]+56,8,0)))))))) -> 0 | P97: Services | Q97: Services | R97: 02.Payments Operating Activities
B98: =Payments_Add[[#This Row],[BU]] -> NOUR | C98: SFAXIEN INDUSTRI.AUTOMOBILE | D98: PDR voiture | F98: 44550 | G98: 44635 | H98: TND | I98: PLANNED PAIEMENT | J98: 545.096 | K98: 166.69602 | L98: NOUR | N98: =$N$1 -> 44592 | O98: =IF(Payments_Add[[#This Row],[Дата на падеж]]<Payments_Add[[#This Row],[Monday]]+7,1, IF(Payments_Add[[#This Row],[Дата на падеж]]<Payments_Add[[#This Row],[Monday]]+14,2, IF(Payments_Add[[#This Row],[Дата на падеж]]<Payments_Add[[#This Row],[Monday]]+21,3, IF(Payments_Add[[#This Row],[Дата на падеж]]<Payments_Add[[#This Row],[Monday]]+28,4, IF(Payments_Add[[#This Row],[Дата на падеж]]<Payments_Add[[#This Row],[Monday]]+35,5, IF(Payments_Add[[#This Row],[Дата на падеж]]<Payments_Add[[#This Row],[Monday]]+42,6, IF(Payments_Add[[#This Row],[Дата на падеж]]<Payments_Add[[#This Row],[Monday]]+49,7, IF(Payments_Add[[#This Row],[Дата на падеж]]<Payments_Add[[#This Row],[Monday]]+56,8,0)))))))) -> 7 | P98: Other | Q98: Other | R98: 02.Payments Operating Activities
B99: =Payments_Add[[#This Row],[BU]] -> NOUR | C99: SNDP AGIL | D99: essence | F99: 44593 | G99: 44593 | H99: TND | I99: PLANNED | J99: 10000 | K99: 3058.104 | L99: NOUR | N99: =$N$1 -> 44592 | O99: =IF(Payments_Add[[#This Row],[Дата на падеж]]<Payments_Add[[#This Row],[Monday]]+7,1, IF(Payments_Add[[#This Row],[Дата на падеж]]<Payments_Add[[#This Row],[Monday]]+14,2, IF(Payments_Add[[#This Row],[Дата на падеж]]<Payments_Add[[#This Row],[Monday]]+21,3, IF(Payments_Add[[#This Row],[Дата на падеж]]<Payments_Add[[#This Row],[Monday]]+28,4, IF(Payments_Add[[#This Row],[Дата на падеж]]<Payments_Add[[#This Row],[Monday]]+35,5, IF(Payments_Add[[#This Row],[Дата на падеж]]<Payments_Add[[#This Row],[Monday]]+42,6, IF(Payments_Add[[#This Row],[Дата на падеж]]<Payments_Add[[#This Row],[Monday]]+49,7, IF(Payments_Add[[#This Row],[Дата на падеж]]<Payments_Add[[#This Row],[Monday]]+56,8,0)))))))) -> 1 | P99: Transport | Q99: Domestic | R99: 02.Payments Operating Activities
B100: =Payments_Add[[#This Row],[BU]] -> NOUR | C100: SNDP AGIL | D100: essence | F100: 44621 | G100: 44621 | H100: TND | I100: PLANNED | J100: 10000 | K100: 3058.104 | L100: NOUR | N100: =$N$1 -> 44592 | O100: =IF(Payments_Add[[#This Row],[Дата на падеж]]<Payments_Add[[#This Row],[Monday]]+7,1, IF(Payments_Add[[#This Row],[Дата на падеж]]<Payments_Add[[#This Row],[Monday]]+14,2, IF(Payments_Add[[#This Row],[Дата на падеж]]<Payments_Add[[#This Row],[Monday]]+21,3, IF(Payments_Add[[#This Row],[Дата на падеж]]<Payments_Add[[#This Row],[Monday]]+28,4, IF(Payments_Add[[#This Row],[Дата на падеж]]<Payments_Add[[#This Row],[Monday]]+35,5, IF(Payments_Add[[#This Row],[Дата на падеж]]<Payments_Add[[#This Row],[Monday]]+42,6, IF(Payments_Add[[#This Row],[Дата на падеж]]<Payments_Add[[#This Row],[Monday]]+49,7, IF(Payments_Add[[#This Row],[Дата на падеж]]<Payments_Add[[#This Row],[Monday]]+56,8,0)))))))) -> 5 | P100: Transport | Q100: Domestic | R100: 02.Payments Operating Activities
B101: =Payments_Add[[#This Row],[BU]] -> NOUR | C101: SNR NEW FILIALE | D101: Capital Projects | F101: 44593 | G101: 44607 | H101: TND | I101: PLANNED | J101: 820000 | K101: 250764.53 | L101: NOUR | N101: =$N$1 -> 44592 | O101: =IF(Payments_Add[[#This Row],[Дата на падеж]]<Payments_Add[[#This Row],[Monday]]+7,1, IF(Payments_Add[[#This Row],[Дата на падеж]]<Payments_Add[[#This Row],[Monday]]+14,2, IF(Payments_Add[[#This Row],[Дата на падеж]]<Payments_Add[[#This Row],[Monday]]+21,3, IF(Payments_Add[[#This Row],[Дата на падеж]]<Payments_Add[[#This Row],[Monday]]+28,4, IF(Payments_Add[[#This Row],[Дата на падеж]]<Payments_Add[[#This Row],[Monday]]+35,5, IF(Payments_Add[[#This Row],[Дата на падеж]]<Payments_Add[[#This Row],[Monday]]+42,6, IF(Payments_Add[[#This Row],[Дата на падеж]]<Payments_Add[[#This Row],[Monday]]+49,7, IF(Payments_Add[[#This Row],[Дата на падеж]]<Payments_Add[[#This Row],[Monday]]+56,8,0)))))))) -> 3 | P101: CAPEX | Q101: Capital Projects | R101: 05.Payments Investing Activities (CAPEX) | S101: RP
B102: =Payments_Add[[#This Row],[BU]] -> NOUR | C102: SOCIETE EL KOUKI | D102: palette | F102: 44578 | G102: 44617 | H102: TND | I102: PAIEMENT | J102: 5419.854 | K102: 1657.4477 | L102: NOUR | N102: =$N$1 -> 44592 | O102: =IF(Payments_Add[[#This Row],[Дата на падеж]]<Payments_Add[[#This Row],[Monday]]+7,1, IF(Payments_Add[[#This Row],[Дата на падеж]]<Payments_Add[[#This Row],[Monday]]+14,2, IF(Payments_Add[[#This Row],[Дата на падеж]]<Payments_Add[[#This Row],[Monday]]+21,3, IF(Payments_Add[[#This Row],[Дата на падеж]]<Payments_Add[[#This Row],[Monday]]+28,4, IF(Payments_Add[[#This Row],[Дата на падеж]]<Payments_Add[[#This Row],[Monday]]+35,5, IF(Payments_Add[[#This Row],[Дата на падеж]]<Payments_Add[[#This Row],[Monday]]+42,6, IF(Payments_Add[[#This Row],[Дата на падеж]]<Payments_Add[[#This Row],[Monday]]+49,7, IF(Payments_Add[[#This Row],[Дата на падеж]]<Payments_Add[[#This Row],[Monday]]+56,8,0)))))))) -> 4 | P102: Other | Q102: Other | R102: 02.Payments Operating Activities
B103: =Payments_Add[[#This Row],[BU]] -> NOUR | C103: SOCIETE EL KOUKI | D103: palette | F103: 44585 | G103: 44635 | H103: TND | I103: PLANNED PAIEMENT | J103: 1841.994 | K103: 563.30092 | L103: NOUR | N103: =$N$1 -> 44592 | O103: =IF(Payments_Add[[#This Row],[Дата на падеж]]<Payments_Add[[#This Row],[Monday]]+7,1, IF(Payments_Add[[#This Row],[Дата на падеж]]<Payments_Add[[#This Row],[Monday]]+14,2, IF(Payments_Add[[#This Row],[Дата на падеж]]<Payments_Add[[#This Row],[Monday]]+21,3, IF(Payments_Add[[#This Row],[Дата на падеж]]<Payments_Add[[#This Row],[Monday]]+28,4, IF(Payments_Add[[#This Row],[Дата на падеж]]<Payments_Add[[#This Row],[Monday]]+35,5, IF(Payments_Add[[#This Row],[Дата на падеж]]<Payments_Add[[#This Row],[Monday]]+42,6, IF(Payments_Add[[#This Row],[Дата на падеж]]<Payments_Add[[#This Row],[Monday]]+49,7, IF(Payments_Add[[#This Row],[Дата на падеж]]<Payments_Add[[#This Row],[Monday]]+56,8,0)))))))) -> 7 | P103: Other | Q103: Other | R103: 02.Payments Operating Activities
B104: =Payments_Add[[#This Row],[BU]] -> NOUR | C104: SONEDE | D104: eau | E104: eau | F104: 44586 | G104: 44605 | H104: TND | I104: Documented | J104: 18241.1 | K104: 5578.318 | L104: NOUR | N104: =$N$1 -> 44592 | O104: =IF(Payments_Add[[#This Row],[Дата на падеж]]<Payments_Add[[#This Row],[Monday]]+7,1, IF(Payments_Add[[#This Row],[Дата на падеж]]<Payments_Add[[#This Row],[Monday]]+14,2, IF(Payments_Add[[#This Row],[Дата на падеж]]<Payments_Add[[#This Row],[Monday]]+21,3, IF(Payments_Add[[#This Row],[Дата на падеж]]<Payments_Add[[#This Row],[Monday]]+28,4, IF(Payments_Add[[#This Row],[Дата на падеж]]<Payments_Add[[#This Row],[Monday]]+35,5, IF(Payments_Add[[#This Row],[Дата на падеж]]<Payments_Add[[#This Row],[Monday]]+42,6, IF(Payments_Add[[#This Row],[Дата на падеж]]<Payments_Add[[#This Row],[Monday]]+49,7, IF(Payments_Add[[#This Row],[Дата на падеж]]<Payments_Add[[#This Row],[Monday]]+56,8,0)))))))) -> 2 | P104: Utilities | Q104: water | R104: 02.Payments Operating Activities
B105: =Payments_Add[[#This Row],[BU]] -> NOUR | C105: SOTRAM | D105: batteries usagers | E105: Scrap Batteries | F105: 44593 | G105: 44596 | H105: TND | I105: PLANNED | J105: 111919.5 | K105: 34226.147 | L105: NOUR | N105: =$N$1 -> 44592 | O105: =IF(Payments_Add[[#This Row],[Дата на падеж]]<Payments_Add[[#This Row],[Monday]]+7,1, IF(Payments_Add[[#This Row],[Дата на падеж]]<Payments_Add[[#This Row],[Monday]]+14,2, IF(Payments_Add[[#This Row],[Дата на падеж]]<Payments_Add[[#This Row],[Monday]]+21,3, IF(Payments_Add[[#This Row],[Дата на падеж]]<Payments_Add[[#This Row],[Monday]]+28,4, IF(Payments_Add[[#This Row],[Дата на падеж]]<Payments_Add[[#This Row],[Monday]]+35,5, IF(Payments_Add[[#This Row],[Дата на падеж]]<Payments_Add[[#This Row],[Monday]]+42,6, IF(Payments_Add[[#This Row],[Дата на падеж]]<Payments_Add[[#This Row],[Monday]]+49,7, IF(Payments_Add[[#This Row],[Дата на падеж]]<Payments_Add[[#This Row],[Monday]]+56,8,0)))))))) -> 1 | P105: Materials | Q105: Scrap Batteries | R105: 02.Payments Operating Activities
B106: =Payments_Add[[#This Row],[BU]] -> NOUR | C106: SOTRAM | D106: batteries usagers | E106: Scrap Batteries | F106: 44599 | G106: 44599 | H106: TND | I106: PLANNED | J106: 111919.5 | K106: 34226.147 | L106: NOUR | N106: =$N$1 -> 44592 | O106: =IF(Payments_Add[[#This Row],[Дата на падеж]]<Payments_Add[[#This Row],[Monday]]+7,1, IF(Payments_Add[[#This Row],[Дата на падеж]]<Payments_Add[[#This Row],[Monday]]+14,2, IF(Payments_Add[[#This Row],[Дата на падеж]]<Payments_Add[[#This Row],[Monday]]+21,3, IF(Payments_Add[[#This Row],[Дата на падеж]]<Payments_Add[[#This Row],[Monday]]+28,4, IF(Payments_Add[[#This Row],[Дата на падеж]]<Payments_Add[[#This Row],[Monday]]+35,5, IF(Payments_Add[[#This Row],[Дата на падеж]]<Payments_Add[[#This Row],[Monday]]+42,6, IF(Payments_Add[[#This Row],[Дата на падеж]]<Payments_Add[[#This Row],[Monday]]+49,7, IF(Payments_Add[[#This Row],[Дата на падеж]]<Payments_Add[[#This Row],[Monday]]+56,8,0)))))))) -> 2 | P106: Materials | Q106: Scrap Batteries | R106: 02.Payments Operating Activities
B107: =Payments_Add[[#This Row],[BU]] -> NOUR | C107: SOTRAM | D107: batteries usagers | E107: Scrap Batteries | F107: 44606 | G107: 44606 | H107: TND | I107: PLANNED | J107: 111919.5 | K107: 34226.147 | L107: NOUR | N107: =$N$1 -> 44592 | O107: =IF(Payments_Add[[#This Row],[Дата на падеж]]<Payments_Add[[#This Row],[Monday]]+7,1, IF(Payments_Add[[#This Row],[Дата на падеж]]<Payments_Add[[#This Row],[Monday]]+14,2, IF(Payments_Add[[#This Row],[Дата на падеж]]<Payments_Add[[#This Row],[Monday]]+21,3, IF(Payments_Add[[#This Row],[Дата на падеж]]<Payments_Add[[#This Row],[Monday]]+28,4, IF(Payments_Add[[#This Row],[Дата на падеж]]<Payments_Add[[#This Row],[Monday]]+35,5, IF(Payments_Add[[#This Row],[Дата на падеж]]<Payments_Add[[#This Row],[Monday]]+42,6, IF(Payments_Add[[#This Row],[Дата на падеж]]<Payments_Add[[#This Row],[Monday]]+49,7, IF(Payments_Add[[#This Row],[Дата на падеж]]<Payments_Add[[#This Row],[Monday]]+56,8,0)))))))) -> 3 | P107: Materials | Q107: Scrap Batteries | R107: 02.Payments Operating Activities
B108: =Payments_Add[[#This Row],[BU]] -> NOUR | C108: SOTRAM | D108: batteries usagers | E108: Scrap Batteries | F108: 44613 | G108: 44613 | H108: TND | I108: PLANNED | J108: 111919.5 | K108: 34226.147 | L108: NOUR | N108: =$N$1 -> 44592 | O108: =IF(Payments_Add[[#This Row],[Дата на падеж]]<Payments_Add[[#This Row],[Monday]]+7,1, IF(Payments_Add[[#This Row],[Дата на падеж]]<Payments_Add[[#This Row],[Monday]]+14,2, IF(Payments_Add[[#This Row],[Дата на падеж]]<Payments_Add[[#This Row],[Monday]]+21,3, IF(Payments_Add[[#This Row],[Дата на падеж]]<Payments_Add[[#This Row],[Monday]]+28,4, IF(Payments_Add[[#This Row],[Дата на падеж]]<Payments_Add[[#This Row],[Monday]]+35,5, IF(Payments_Add[[#This Row],[Дата на падеж]]<Payments_Add[[#This Row],[Monday]]+42,6, IF(Payments_Add[[#This Row],[Дата на падеж]]<Payments_Add[[#This Row],[Monday]]+49,7, IF(Payments_Add[[#This Row],[Дата на падеж]]<Payments_Add[[#This Row],[Monday]]+56,8,0)))))))) -> 4 | P108: Materials | Q108: Scrap Batteries | R108: 02.Payments Operating Activities
B109: =Payments_Add[[#This Row],[BU]] -> NOUR | C109: SOTRAM | D109: batteries usagers | E109: Scrap Batteries | F109: 44621 | G109: 44621 | H109: TND | I109: PLANNED | J109: 111919.5 | K109: 34226.147 | L109: NOUR | N109: =$N$1 -> 44592 | O109: =IF(Payments_Add[[#This Row],[Дата на падеж]]<Payments_Add[[#This Row],[Monday]]+7,1, IF(Payments_Add[[#This Row],[Дата на падеж]]<Payments_Add[[#This Row],[Monday]]+14,2, IF(Payments_Add[[#This Row],[Дата на падеж]]<Payments_Add[[#This Row],[Monday]]+21,3, IF(Payments_Add[[#This Row],[Дата на падеж]]<Payments_Add[[#This Row],[Monday]]+28,4, IF(Payments_Add[[#This Row],[Дата на падеж]]<Payments_Add[[#This Row],[Monday]]+35,5, IF(Payments_Add[[#This Row],[Дата на падеж]]<Payments_Add[[#This Row],[Monday]]+42,6, IF(Payments_Add[[#This Row],[Дата на падеж]]<Payments_Add[[#This Row],[Monday]]+49,7, IF(Payments_Add[[#This Row],[Дата на падеж]]<Payments_Add[[#This Row],[Monday]]+56,8,0)))))))) -> 5 | P109: Materials | Q109: Scrap Batteries | R109: 02.Payments Operating Activities
B110: =Payments_Add[[#This Row],[BU]] -> NOUR | C110: SOTRAM | D110: batteries usagers | E110: Scrap Batteries | F110: 44627 | G110: 44627 | H110: TND | I110: PLANNED | J110: 111919.5 | K110: 34226.147 | L110: NOUR | N110: =$N$1 -> 44592 | O110: =IF(Payments_Add[[#This Row],[Дата на падеж]]<Payments_Add[[#This Row],[Monday]]+7,1, IF(Payments_Add[[#This Row],[Дата на падеж]]<Payments_Add[[#This Row],[Monday]]+14,2, IF(Payments_Add[[#This Row],[Дата на падеж]]<Payments_Add[[#This Row],[Monday]]+21,3, IF(Payments_Add[[#This Row],[Дата на падеж]]<Payments_Add[[#This Row],[Monday]]+28,4, IF(Payments_Add[[#This Row],[Дата на падеж]]<Payments_Add[[#This Row],[Monday]]+35,5, IF(Payments_Add[[#This Row],[Дата на падеж]]<Payments_Add[[#This Row],[Monday]]+42,6, IF(Payments_Add[[#This Row],[Дата на падеж]]<Payments_Add[[#This Row],[Monday]]+49,7, IF(Payments_Add[[#This Row],[Дата на падеж]]<Payments_Add[[#This Row],[Monday]]+56,8,0)))))))) -> 6 | P110: Materials | Q110: Scrap Batteries | R110: 02.Payments Operating Activities
B111: =Payments_Add[[#This Row],[BU]] -> NOUR | C111: SOTRAM | D111: batteries usagers | E111: Scrap Batteries | F111: 44634 | G111: 44634 | H111: TND | I111: PLANNED | J111: 111919.5 | K111: 34226.147 | L111: NOUR | N111: =$N$1 -> 44592 | O111: =IF(Payments_Add[[#This Row],[Дата на падеж]]<Payments_Add[[#This Row],[Monday]]+7,1, IF(Payments_Add[[#This Row],[Дата на падеж]]<Payments_Add[[#This Row],[Monday]]+14,2, IF(Payments_Add[[#This Row],[Дата на падеж]]<Payments_Add[[#This Row],[Monday]]+21,3, IF(Payments_Add[[#This Row],[Дата на падеж]]<Payments_Add[[#This Row],[Monday]]+28,4, IF(Payments_Add[[#This Row],[Дата на падеж]]<Payments_Add[[#This Row],[Monday]]+35,5, IF(Payments_Add[[#This Row],[Дата на падеж]]<Payments_Add[[#This Row],[Monday]]+42,6, IF(Payments_Add[[#This Row],[Дата на падеж]]<Payments_Add[[#This Row],[Monday]]+49,7, IF(Payments_Add[[#This Row],[Дата на падеж]]<Payments_Add[[#This Row],[Monday]]+56,8,0)))))))) -> 7 | P111: Materials | Q111: Scrap Batteries | R111: 02.Payments Operating Activities
B112: =Payments_Add[[#This Row],[BU]] -> NOUR | C112: SOTRAM | D112: batteries usagers | E112: Scrap Batteries | F112: 44641 | G112: 44641 | H112: TND | I112: PLANNED | J112: 111919.5 | K112: 34226.147 | L112: NOUR | N112: =$N$1 -> 44592 | O112: =IF(Payments_Add[[#This Row],[Дата на падеж]]<Payments_Add[[#This Row],[Monday]]+7,1, IF(Payments_Add[[#This Row],[Дата на падеж]]<Payments_Add[[#This Row],[Monday]]+14,2, IF(Payments_Add[[#This Row],[Дата на падеж]]<Payments_Add[[#This Row],[Monday]]+21,3, IF(Payments_Add[[#This Row],[Дата на падеж]]<Payments_Add[[#This Row],[Monday]]+28,4, IF(Payments_Add[[#This Row],[Дата на падеж]]<Payments_Add[[#This Row],[Monday]]+35,5, IF(Payments_Add[[#This Row],[Дата на падеж]]<Payments_Add[[#This Row],[Monday]]+42,6, IF(Payments_Add[[#This Row],[Дата на падеж]]<Payments_Add[[#This Row],[Monday]]+49,7, IF(Payments_Add[[#This Row],[Дата на падеж]]<Payments_Add[[#This Row],[Monday]]+56,8,0)))))))) -> 8 | P112: Materials | Q112: Scrap Batteries | R112: 02.Payments Operating Activities
B113: =Payments_Add[[#This Row],[BU]] -> NOUR | C113: SOTRAM | D113: batteries usagers | E113: Scrap Batteries | F113: 44648 | G113: 44648 | H113: TND | I113: PLANNED | J113: 111919.5 | K113: 34226.147 | L113: NOUR | N113: =$N$1 -> 44592 | O113: =IF(Payments_Add[[#This Row],[Дата на падеж]]<Payments_Add[[#This Row],[Monday]]+7,1, IF(Payments_Add[[#This Row],[Дата на падеж]]<Payments_Add[[#This Row],[Monday]]+14,2, IF(Payments_Add[[#This Row],[Дата на падеж]]<Payments_Add[[#This Row],[Monday]]+21,3, IF(Payments_Add[[#This Row],[Дата на падеж]]<Payments_Add[[#This Row],[Monday]]+28,4, IF(Payments_Add[[#This Row],[Дата на падеж]]<Payments_Add[[#This Row],[Monday]]+35,5, IF(Payments_Add[[#This Row],[Дата на падеж]]<Payments_Add[[#This Row],[Monday]]+42,6, IF(Payments_Add[[#This Row],[Дата на падеж]]<Payments_Add[[#This Row],[Monday]]+49,7, IF(Payments_Add[[#This Row],[Дата на падеж]]<Payments_Add[[#This Row],[Monday]]+56,8,0)))))))) -> 0 | P113: Materials | Q113: Scrap Batteries | R113: 02.Payments Operating Activities
...

Sheet Payments_mapping
B2: Основание | C2: GROUP | D2: SUBGROUP | E2: TYPE | G2: 02.Payments Operating Activities | I2: Materials | K2: Lead and lead alloys | M2: Основание | N2: BU | O2: TYPE
B3: Олова и оловни сплави | C3: Materials | D3: Lead and lead alloys | E3: 02.Payments Operating Activities | G3: 05.Payments Investing Activities (CAPEX) | I3: Transport | K3: Primary | M3: (vide) | N3: (vide) | O3: (vide)
B4: Основни материали - стартерни батерии | C4: Materials | D4: Primary | E4: 02.Payments Operating Activities | G4: 08.Payments Financing Activities | I4: Services | K4: Secondary | M4: Total général
B5: Спомагателни материалии - стартерни батерии | C5: Materials | D5: Secondary | E5: 02.Payments Operating Activities | I5: CAPEX | K5: International
B6: Основни материали - стационарни батерии | C6: Materials | D6: Primary | E6: 02.Payments Operating Activities | I6: Other | K6: Domestic
B7: Спомагателни материалии - стационарни батерии | C7: Materials | D7: Secondary | E7: 02.Payments Operating Activities | I7: Salaries and Social Securities | K7: Subscription Contracts
B8: Основни материали - общи | C8: Materials | D8: Primary | E8: 02.Payments Operating Activities | I8: Taxes | K8: Advertising
B9: Спомагателни материалии - общи | C9: Materials | D9: Secondary | E9: 02.Payments Operating Activities | I9: Utilities | K9: Bonuses
B10: Транспортни услуги - международен транспорт | C10: Transport | D10: International | E10: 02.Payments Operating Activities | I10: Loans | K10: Insurance
B11: Транспортни услуги - вътрешен транспорт | C11: Transport | D11: Domestic | E11: 02.Payments Operating Activities | I11: Leases | K11: Service and Maintenance
B12: Услуги по договор - абонаментно обслужване | C12: Services | D12: Subscription Contracts | E12: 02.Payments Operating Activities | K12: Spare Parts
B13: Реклама | C13: Services | D13: Advertising | E13: 02.Payments Operating Activities | K13: Rent
B14: Бонуси | C14: Services | D14: Bonuses | E14: 02.Payments Operating Activities | K14: Other
B15: Застраховки | C15: Services | D15: Insurance | E15: 02.Payments Operating Activities | K15: Salary
B16: Ремонт/поддръжка | C16: CAPEX | D16: Service and Maintenance | E16: 05.Payments Investing Activities (CAPEX) | K16: Social Securities
B17: Машинни части и ел.материали | C17: Other | D17: Spare Parts | E17: 02.Payments Operating Activities | K17: Taxes
B18: Наеми | C18: Other | D18: Rent | E18: 02.Payments Operating Activities | K18: VAT
B19: Други | C19: Other | D19: Other | E19: 02.Payments Operating Activities | K19: Custom Taxes
B20: Заплати | C20: Salaries and Social Securities | D20: Salary | E20: 02.Payments Operating Activities | K20: CIT
B21: Осигуровки | C21: Salaries and Social Securities | D21: Social Securities | E21: 02.Payments Operating Activities | K21: Product Tax
B22: Такси | C22: Taxes | D22: Taxes | E22: 02.Payments Operating Activities | K22: Bank Fees
B23: ДДС за внасяне | C23: Taxes | D23: VAT | E23: 02.Payments Operating Activities | K23: Production Equipment
... B39: Основни материали | C39: Materials | D39: Primary | E39: 02.Payments Operating Activities | K39: Transport
B40: Спомагателни материали | C40: Materials | D40: Secondary | E40: 02.Payments Operating Activities
B41: Транспортни услуги | C41: Transport | D41: Transport | E41: 02.Payments Operating Activities
B42: Покупка на оборудване | C42: CAPEX | D42: Production Equipment | E42: 05.Payments Investing Activities (CAPEX)
B43: ДДС,ДДФЛ | C43: Taxes | D43: VAT | E43: 02.Payments Operating Activities
B44: Митнически сборове | C44: Taxes | D44: Custom Taxes | E44: 02.Payments Operating Activities
B45: Строителни и ремонтни работи, поддръжка | C45: CAPEX | D45: Service and Maintenance | E45: 05.Payments Investing Activities (CAPEX)
B46: Олово | C46: Materials | D46: Raw Lead | E46: 02.Payments Operating Activities
B47: Акум. Отпадни | C47: Materials | D47: Scrap Batteries | E47: 02.Payments Operating Activities
B48: Концентрат | C48: Materials | D48: Concetrate | E48: 02.Payments Operating Activities
B49: Други оловни | C49: Materials | D49: Other Lead Containing | E49: 02.Payments Operating Activities
B50: Реагенти | C50: Materials | D50: Reagents | E50: 02.Payments Operating Activities
B51: Електричество | C51: Utilities | D51: Electricity | E51: 02.Payments Operating Activities
... B61: Лихва Заем | C61: Loans | D61: Interest | E61: 08.Payments Financing Activities
B62: Лизингова вноска, лихва | C62: Leases | E62: 08.Payments Financing Activities
B63: Other | C63: Other | D63: Other | E63: 02.Payments Operating Activities
B64: Other Services | C64: Services | D64: Other Services | E64: 02.Payments Operating Activities
B65: Scrap Batteries | C65: Materials | D65: Scrap Batteries | E65: 02.Payments Operating Activities
B66: Transportation Services | C66: Transport | D66: Transport | E66: 02.Payments Operating Activities
B67: Reagents | C67: Materials | D67: Reagents | E67: 02.Payments Operating Activities
B68: Raw Lead | C68: Materials | D68: Raw Lead | E68: 02.Payments Operating Activities
B69: Gas | C69: Utilities | D69: Gas | E69: 02.Payments Operating Activities
B70: Other Taxes | C70: Taxes | D70: Other Taxes | E70: 02.Payments Operating Activities
B71: Electricity | C71: Utilities | D71: Electricity | E71: 02.Payments Operating Activities
B72: Interest | C72: Loans | D72: Interest | E72: 08.Payments Financing Activities
B73: Salaries | C73: Salaries and Social Securities | D73: Salary | E73: 02.Payments Operating Activities
B74: Lease Payments | C74: Leases | D74: Leases | E74: 08.Payments Financing Activities
B75: Банкови кредити плащания
B76: Лизингова вноска и лихва | C76: Leases | D76: Leases | E76: 08.Payments Financing Activities
B77: Лихви, лизинги, застраховки, | C77: Leases | D77: Leases | E77: 08.Payments Financing Activities
B78: Social Security | C78: Salaries and Social Securities | D78: Social Securities | E78: 02.Payments Operating Activities
B79: Custom Taxes | C79: Taxes | D79: Custom Taxes | E79: 02.Payments Operating Activities
B80: Principal | C80: Loans | D80: Principal | E80: 08.Payments Financing Activities
B81: Rent | C81: Services | D81: Rent | E81: 02.Payments Operating Activities
B82: Purchases of Equipment | C82: CAPEX | D82: Other Equipment and DMA | E82: 05.Payments Investing Activities (CAPEX)
B83: Other Lead Containing | C83: Materials | D83: Other Lead Containing | E83: 02.Payments Operating Activities
B84: Capital Projects | C84: CAPEX | D84: Capital Projects | E84: 05.Payments Investing Activities (CAPEX)
B85: VAT | C85: Taxes | D85: VAT | E85: 02.Payments Operating Activities
B86: Заем | C86: Loans | D86: Given loan | E86: 08.Payments Financing Activities
B87: YU Monbat | C87: YU Monbat | D87: Scrap Batteries | E87: 02.Payments Operating Activities
